 Dungeon Crawl Stone Soup version 0.32-a0-411-g744942f (webtiles) character file.

Game seed: 204103181917220755

17923619 december12 the Bringer of Blasphemy (level 27, 235/235 HPs)
             Began as a Barachi Artificer on Feb 18, 2024.
             Was the Champion of Yredelemnul.
             Escaped with the Orb
             ... and 15 runes on Feb 20, 2024!
             The game lasted 04:38:08 (86125 turns).

december12 the Bringer of Blasphemy (BaAr)         Turns: 86125, Time: 04:38:08

Health: 235/235    AC: 33    Str: 17    XL:     27
Magic:  60/61      EV: 29    Int: 23    God:    Yredelemnul [******]
Gold:   8615       SH:  0    Dex: 27    Spells: 6/76 levels left

rFire   + + +        a - +9 double sword (freeze)
rCold   + + +        U - orb {guile}
rNeg    + + +        S - +7 fire dragon scales "Piebu" {rF++ rC- Will+++ Str+3}
rPois   ∞            t - +2 helmet {SInv}
rElec   +            J - scarf {rC+ rF+}
rCorr   .            o - +2 pair of gloves
SInv    +            F - +2 pair of boots {Fly}
Will    ++++.        A - amulet "Sazent" {Regen+ Dex+3}
Stlth   +            B - ring "Xuicafue" {rPois rC++ Int+3}
HPRegen 1.39/turn    D - ring of Ygiat {Fly rElec MP+9 Dex+6}
MPRegen 0.37/turn

%: no passive effects
@: death-form, flying, wreathed by umbra, studying 2 skills, slow
A: vile attack, torment immunity, no potions, amphibious, slowness 1, strong
legs 2, +LOS, hooves 1, shaggy fur 1, wild magic 1
0: Orb of Zot
}: 15/15 runes: decaying, slimy, silver, golden, iron, obsidian, icy, bone,
abyssal, demonic, glowing, magical, fiery, dark, gossamer
a: Hop, Siphon Essence, Begin Untransformation, Renounce Religion, Light the
Black Torch, Recall Undead Harvest, Hurl Torchlight, Bind Soul, Fathomless
Shackles


You escaped.
You worshipped Yredelemnul.
Yredelemnul was exalted by your worship.
You were an undying horror.
You visited 18 branches of the dungeon, and saw 88 of its levels.
You visited Pandemonium 1 time, and saw 13 of its levels.
You visited the Abyss 2 times.
You also visited: Bailey, Gauntlet, Ice Cave and Volcano.

You collected 14130 gold pieces.
You spent 5515 gold pieces at shops.

Inventory:

Hand Weapons
 a - a +9 double sword of freezing (weapon)
 N - the +8 dagger "Ithrafoxt" {elec, +Blink Will+ Str-2 Dex+3}
   (You found it on level 1 of the Swamp)

   Str-2:     It affects your strength (-2).
   Dex+3:     It affects your dexterity (+3).
   Will+:     It increases your willpower.
   +Blink:    It lets you blink.
Missiles
 l - 10 curare-tipped darts
 Z - 3 throwing nets (quivered) {!f}
Armour
 b - the +5 Storm Queen's Shield {shock, Fly rElec}
   (You found it on level 14 of the Dungeon)

   Shock:     When it blocks an attack, it may electrocute the attacker.
   This works even against foes who are a short distance away.
   rElec:     It insulates you from electricity.
   Fly:       It grants you flight.
 o - a +2 pair of gloves (worn)
 t - a +2 helmet of see invisible (worn)
 F - a +2 pair of boots of flying (worn)
 J - a scarf of resistance (worn)
 M - a +2 cloak of preservation
 Q - a +2 cloak of willpower
 S - the +7 fire dragon scales "Piebu" (worn) {rF++ rC- Will+++ Str+3}
   (You found it on level 4 of the Realm of Zot)

   Str+3:     It affects your strength (+3).
   rF++:      It greatly protects you from fire.
   rC-:       It makes you vulnerable to cold.
   Will+++:   It greatly increases your willpower.
 U - an orb of guile (worn)
Jewellery
 d - a ring of protection from fire {!d}
 e - a ring of willpower
 m - the ring "Ucyit" {Ice rElec}
   (You took it off Josephina on level 2 of the Depths)

   [ring of ice]

   Ice:       It enhances your ice magic.
   rF-:       It makes you vulnerable to fire.
   rC+:       It protects you from cold.
   rElec:     It insulates you from electricity.
 A - the amulet "Sazent" (around neck) {Regen+ Dex+3}
   (You took it off a tengu warrior on level 1 of the Depths)

   [amulet of regeneration]

   Dex+3:     It affects your dexterity (+3).
   Regen+:    It increases your rate of health regeneration.
 B - the ring "Xuicafue" (left hand) {rPois rC++ Int+3}
   (You acquired it on level 2 of the Elven Halls)

   [ring of poison resistance]

   Int+3:     It affects your intelligence (+3).
   rC++:      It greatly protects you from cold.
   rPois:     It protects you from poison
 C - the amulet "Evvaiz" {RegenMP Str+6}
   (You found it on level 2 of the Vaults)

   [amulet of magic regeneration]

   RegenMP:   It increases your rate of magic regeneration.
   Str+6:     It affects your strength (+6).
 D - the ring of Ygiat (right hand) {Fly rElec MP+9 Dex+6}
   (You found it on level 7 of Cocytus)

   [ring of dexterity]

   Dex+6:     It affects your dexterity (+6).
   rElec:     It insulates you from electricity.
   MP+9:      It affects your magic capacity (+9).
   Fly:       It grants you flight.
Talismans
 c - a granite talisman
 I - a talisman of death (active)
Wands
 x - a wand of charming (55)
 O - a wand of roots (83)
 V - a wand of digging (8)
 W - a wand of quicksilver (36)
Scrolls
 p - 5 scrolls of vulnerability
 q - 6 scrolls of immolation
 u - a scroll of revelation
 w - 11 scrolls of amnesia
 y - 11 scrolls of fog
 G - 11 scrolls of teleportation
 R - 6 scrolls of enchant armour
Potions
 f - 13 potions of mutation
 g - 16 potions of brilliance
 h - 4 potions of haste
 i - 25 potions of curing
 j - 19 potions of attraction
 k - 5 potions of magic
 n - 21 potions of heal wounds
 r - 3 potions of resistance
 s - 6 potions of ambrosia
 v - 11 potions of cancellation
 z - 9 potions of lignification
 E - 20 potions of enlightenment
 H - 4 potions of invisibility
 K - 2 potions of might
Miscellaneous
 P - a figurine of a ziggurat
 T - a phantom mirror
 Y - a phial of floods


   Skills:
 * Level 23.3 Fighting
 - Level 16.0 Long Blades
 - Level 18.0 Armour
 - Level 24.0 Dodging
 - Level 0.8 Stealth
 * Level 25.4 Spellcasting
 + Level 9.2 Conjurations
 - Level 22.0 Hexes
 - Level 6.0 Summonings
 - Level 9.0 Necromancy
 - Level 6.0 Translocations
 - Level 24.0 Air Magic
 - Level 9.0 Earth Magic
 - Level 9.0 Alchemy
 O Level 27 Invocations
 - Level 4.0 Evocations
 + Level 24.5 Shapeshifting


You had 6 spell levels left.
You knew the following spells:

 Your Spells              Type           Power      Damage    Failure   Level
b - Summon Mana Viper     Hex/Summ       89%        N/A       1%          5
c - Vhi's Electric Charg  Tloc/Air       100%       N/A       1%          4
d - Discord               Hex            53%        N/A       4%          8
e - Manifold Assault      Tloc           65%        N/A       4%          4
f - Borgnjor's Vile Clut  Necr/Erth      37%        N/A       3%          5
g - Enfeeble              Hex            53%        N/A       1%          7
i - Maxwell's Capacitive  Air            55%        ∞         2%          8
l - Sublimation of Blood  Necr           75%        N/A       1%          2
o - Passwall              Erth           75%        N/A       1%          3
p - Passage of Golubria   Tloc           65%        N/A       4%          4
r - Irradiate             Conj/Alch      37%        3d24      3%          5
v - Blink                 Tloc           100%       N/A       1%          2
y - Yara's Violent Unrav  Hex/Alch       46%        3d18      1%          5
z - Apportation           Tloc           100%       N/A       1%          1
S - Silence               Hex/Air        54%        N/A       1%          5
W - Lesser Beckoning      Tloc           100%       N/A       1%          2

Your spell library contained the following spells:

 Spells                   Type           Power      Damage    Failure   Level
 Foxfire                  Conj/Fire      100%       2x1d9     1%          1
 Kiss of Death            Conj/Necr      100%       2d13      1%          1
 Magic Dart               Conj           100%       1d8       1%          1
 Necrotise                Necr           100%       1d9       1%          1
 Sandblast                Erth           100%       2d20      1%          1
 Slow                     Hex            100%       N/A       1%          1
 Sting                    Conj/Alch      100%       1d9       1%          1
 Summon Small Mammal      Summ           100%       N/A       1%          1
 Call Imp                 Summ           100%       N/A       1%          2
 Cigotuvi's Dreadful Rot  Necr/Alch/Air  100%       N/A       1%          2
 Ensorcelled Hibernation  Hex/Ice        100%       N/A       1%          2
 Jinxbite                 Hex            100%       N/A       1%          2
 Mercury Vapours          Alch/Air       100%       N/A       1%          2
 Momentum Strike          Conj/Tloc      100%       3d10      1%          2
 Searing Ray              Conj           100%       2d8       1%          2
 Static Discharge         Conj/Air       100%       3-8/arc   1%          2
 Confusing Touch          Hex            100%       N/A       1%          3
 Dazzling Flash           Conj/Hex       100%       N/A       1%          3
 Fugue of the Fallen      Necr           75%        N/A       1%          3
 Gell's Gravitas          Tloc           65%        N/A       1%          3
 Inner Flame              Hex/Fire       81%        N/A       1%          3
 Mephitic Cloud           Conj/Alch/Air  89%        N/A       1%          3
 Sigil of Binding         Hex            100%       N/A       1%          3
 Stone Arrow              Conj/Erth      100%       3d13      1%          3
 Swiftness                Air            100%       N/A       1%          3
 Teleport Other           Tloc           65%        N/A       1%          3
 Tukima's Dance           Hex            100%       N/A       1%          3
 Vampiric Draining        Necr           75%        2d11      1%          3
 Anguish                  Hex/Necr       46%        N/A       1%          4
 Brom's Barrelling Bould  Conj/Erth      75%        2d9       1%          4
 Cause Fear               Hex            53%        N/A       1%          4
 Dispel Undead            Necr           75%        3d25      1%          4
 Fulminant Prism          Conj/Alch      37%        3d17      1%          4
 Leda's Liquefaction      Alch/Erth      37%        N/A       1%          4
 Olgreb's Toxic Radiance  Alch           75%        N/A       1%          4
 Petrify                  Alch/Erth      75%        N/A       1%          4
 Summon Lightning Spire   Summ/Air       91%        N/A       1%          4
 Arcjolt                  Conj/Air       47%        1d57      1%          5
 Freezing Cloud           Conj/Ice/Air   40%        6-21      1%          5
 Metabolic Englaciation   Hex/Ice        40%        N/A       1%          5
 Conjure Ball Lightning   Conj/Air       47%        3x3d16    1%          6
 Hailstorm                Conj/Ice       60%        3d11      2%          3
 Martyr's Knell           Necr/Summ      70%        N/A       2%          4
 Curse of Agony           Necr           75%        N/A       3%          5
 Iskenderun's Battlesphe  Conj           76%        2d12      3%          5
 Lee's Rapid Deconstruct  Erth           37%        3d19*     3%          5
 Summon Ice Beast         Ice/Summ       54%        N/A       4%          3
 Plasma Beam              Fire/Air       41%        2x1d55    5%          6
 Scorch                   Fire           76%        2d8       7%          2
 Flame Wave               Conj/Fire      60%        2d14      7%          4
 Ignite Poison            Fire/Alch      60%        N/A       8%          4
 Sticky Flame             Fire/Alch      60%        2d10      8%          4
 Summon Forest            Summ/Tloc      32%        N/A       11%         5
 Frozen Ramparts          Ice            76%        1d12      13%         3
 Ozocubu's Armour         Ice            38%        N/A       13%         3
 Summon Blazeheart Golem  Fire/Summ      54%        N/A       13%         4
 Bombard                  Conj/Erth      37%        9d7       16%         6
 Eringya's Noxious Bog    Alch           37%        4d6       16%         6
 Fireball                 Conj/Fire      30%        3d13      17%         5
 Dispersal                Tloc           32%        N/A       45%         6
 Summon Cactus Giant      Summ           32%        N/A       45%         6
 Starburst                Conj/Fire      30%        6d9       63%         6
 Sculpt Simulacrum        Ice/Alch       30%        N/A       65%         6
 Orb of Destruction       Conj           38%        9d11      58%         7
 Spellforged Servitor     Conj/Summ      35%        N/A       78%         7
 Haunt                    Necr/Summ      35%        N/A       82%         7
 Malign Gateway           Summ/Tloc      32%        N/A       95%         7
 Summon Hydra             Summ           32%        N/A       95%         7
 Chain Lightning          Conj/Air       47%        3d63      98%         9
 Borgnjor's Revivificati  Necr           37%        N/A       99%         8
 Infestation              Necr           37%        N/A       99%         8
 Lehudib's Crystal Spear  Conj/Erth      37%        10d9      99%         8
 Ozocubu's Refrigeration  Ice            19%        4d11      100%        7
 Disjunction              Tloc           32%        N/A       100%        8
 Ignition                 Fire           19%        3d7       100%        8
 Summon Horrible Things   Summ           32%        N/A       100%        8
 Death's Door             Necr           37%        N/A       100%        9
 Fire Storm               Conj/Fire      30%        8d8       100%        9
 Shatter                  Erth           37%        3d30*     100%        9


Dungeon Overview and Level Annotations

Branches:
Dungeon (15/15)            Temple (1/1) D:4            Lair (5/5) D:11
  Swamp (4/4) Lair:3       Spider (4/4) Lair:2        Slime (5/5) Lair:4
    Orc (2/2) D:10            Elf (3/3) Orc:2        Vaults (5/5) D:13
  Crypt (3/3) Vaults:3       Tomb (3/3) Crypt:3      Depths (4/4) D:15
   Hell (visited)             Dis (7/7) Hell            Geh (7/7) Hell
    Coc (7/7) Hell            Tar (7/7) Hell            Zot (5/5) Depths:4
 Bailey (visited)           IceCv (visited)         Volcano (visited)
Gauntlet (visited)

Altars:
Ashenzari
Cheibriados
Dithmenos
Elyvilon
Fedhas
Gozag
Hepliaklqana
Kikubaaqudgha
Makhleb
Nemelex Xobeh
Okawaru
Qazlal
Ru
Sif Muna
Trog
Uskayaw
Vehumet
Wu Jian
Xom
Yredelemnul
Zin
The Shining One
Jiyva

Shops:
D:3 *   D:13 =   D:15 =   Orc:2 [(:*   Elf:1 (   Elf:2 (   Vaults:1 =[?**
Vaults:2 (=*[   Vaults:3 =?=   Vaults:4 :   Vaults:5 ?   Depths:1 [
Depths:2 !

Portals:
Hell: Depths:1 Depths:2 Depths:3 Depths:4
Abyss: Depths:3
Pandemonium: Depths:1 Depths:2 Depths:3
Ziggurat: Depths:1


Innate Abilities, Weirdness & Mutations

You are an undying horror.
Your melee and unarmed attacks drain, slow and weaken victims.
You are immune to unholy pain and torment.
You cannot drink.
You are immune to poison.
You are amphibious.
You cover ground slowly.
You can hop long distances.
You have an extended range of vision and can be seen from far away.
You have large cloven feet.
You are covered in fur. (AC +1)
Your spells are a little harder to cast, but a little more powerful.


Message History

You swap places.
Casting: Discord (dangerous; 4% risk of failure)
Confirm with . or Enter, or press ? or * to list all spells.
Aiming: Passwall (safe; 1% risk of failure)
Press: ? - help, Dir - move target A rock wall.
This square is wreathed by an umbra and is covered in magical glow.
Okay, then.
Casting: Passwall (safe; 1% risk of failure)
Confirm with . or Enter, or press ? or * to list all spells.
Aiming: Passwall (safe; 1% risk of failure)
Press: ? - help, Dir - move target A rock wall.
This square is wreathed by an umbra and is covered in magical glow.
You begin to meditate on the wall.
You continue meditating on the rock. x4
You finish merging with the rock.
Cerebov is recalled.
There is a staircase leading out of the dungeon here.
Press: ? - help, v - describe, . - travel
Here: Cerebov the bound soul, wielding the +6 sword of Cerebov {flame} (friendly, umbra)
The floor.
Unknown command.
Unknown command.
Unknown command.
Unknown command.
Press: ? - help, v - describe, . - travel
Here: Cerebov the bound soul, wielding the +6 sword of Cerebov {flame} (friendly, umbra)
The floor.
Saving game... please wait.
Welcome back, december12 the Barachi Artificer.
Yredelemnul says: Carry the black torch!
Rouse the idle dead!
Press ? for a list of commands and other information.
Press: ? - help, v - describe, . - travel
Here: Cerebov the bound soul, wielding the +6 sword of Cerebov {flame} (friendly, umbra)
The floor.
Unknown command.
Cast which spell? (? or * to list)
Okay, then.
Char dumped successfully.
You have escaped!

#....# ####.##..#.
###### #....##..#.
#.#####..#.
#######.#####..#.
#...#...#......##
###.#.#.###.###..##
#...#...#.....#..##
#.#####.#.###.#..##
#.z# #...#.#.#..#
#Z## #####.#.#..##
#.# #...#.#...#
##### #.###.#.#.#
#...# #.....#.#..
#.#.#######.###.#..
#.#.....#...# #..#.
#.###.###.### #..#.
#.#.....#...# #....


You could see the friendly Cerebov the bound soul.

Vanquished Creatures
  Antaeus (Coc:7)
  Asmodeus (Geh:7)
  Lom Lobon (Pan)
  Gloorx Vloq (Pan)
  Frederick (Vaults:5)
  2 ancient liches
  An orb of fire (Zot:3)
  A juggernaut (Depths:3)
  9 royal mummies
  the Lernaean hydra (Swamp:4)
  2 Killer Klowns (Zot:5)
  Bai Suzhen (Depths:1)
  Saint Roka (Vaults:2)
  A curse toe (Zot:1)
  7 caustic shrikes
  Nikola (D:15)
  A golden dragon (Vaults:5)
  3 profane servitors
  3 bone dragons
  4 Brimstone Fiends
  4 Tzitzimimeh
  3 pandemonium lords
  12 iron giants
  A doom hound (Tar:7)
  Jorgrun (Orc:2)
  3 hellephants
  Zenata (Elf:3)
  6 Ice Fiends
  19 Hell Sentinels
  5 Orb Guardians
  8 liches
  7 tentacled monstrosities
  A titan (Coc:3)
  A tainted leviathan (Tar:7)
  6 searing wretches
  A walking frostbound tome (Depths:3)
  A deep elf blademaster (Elf:3)
  3 quicksilver dragons
  5 Executioners (Pan)
  3 sphinxes
  14 ancient champions
  3 deep elf master archers (Elf:3)
  4 acid blobs
  A tengu reaver (Vaults:5)
  4 death cobs
  A thorn hunter (Swamp:3)
  4 tentacled starspawn (Abyss:3)
  7 shadow dragons
  4 protean progenitors
  2 draconian monks
  7 storm dragons
  2 rockslimes
  4 revenants
  A nagaraja (Pan)
  4 frost giants
  3 fire giants
  10 deep elf sorcerers
  13 vault wardens
  A shard shrike simulacrum (Coc:7)
  2 azure jellies (Slime:5)
  2 demonspawn warmongers (Pan)
  2 draconian knights (Zot:4)
  An emperor scorpion (Spider:4)
  7 iron dragons
  3 ghost moths
  2 quicksilver elementals
  2 deep elf elementalists (Elf:3)
  3 curse skulls
  5 balrugs
  A doom hound zombie (Tar:7)
  5 reapers
  3 quicksilver oozes
  7 ironbound preservers
  A juggernaut zombie (Crypt:1)
  5 draconian annihilators
  A caustic shrike zombie (Abyss:3)
  A demonspawn corrupter (Pan)
  12 stone giants
  8 very ugly things
  4 cacodemons (Pan)
  A spectral caustic shrike (Tar:5)
  5 ghouls
  2 green draconians
  An orc warlord (Orc:1)
  2 deep elf demonologists
  3 eleionomae
  2 juggernaut skeletons (Pan)
  10 vampire knights
  An elemental wellspring (Coc:7)
  5 ironbound thunderhulks
  2 wendigos
  4 putrid mouths
  6 deep elf annihilators
  3 deep elf death magi
  2 bennus (Tomb:1)
  7 lorocyprocas
  3 bunyips
  A black draconian (Zot:4)
  8 war gargoyles
  14 dire elephants
  2 yellow draconians
  A spectral acid blob (Slime:5)
  2 white draconians
  2 spark wasps
  A red draconian (Zot:4)
  5 eidola
  11 iron golems
  5 ettins
  A spectral quicksilver dragon (Tar:3)
  7 green deaths
  3 blizzard demons (Pan)
  3 entropy weavers
  18 jiangshi
  7 mummy priests
  A shambling mangrove (Swamp:4)
  A kraken zombie (Hell)
  A quicksilver dragon zombie (Crypt:2)
  8 great orbs of eyes
  16 fire dragons
  16 vault guards
  A fenstrider witch zombie (Abyss:2)
  3 deep elf high priests (Elf:3)
  11 yaktaur captains
  A spectral fenstrider witch (Tar:1)
  2 peacekeepers (Vaults:4)
  11 ice dragons
  2 hell beasts
  A juggernaut simulacrum (Coc:1)
  11 hydras
  A rakshasa (Depths:1)
  2 spriggan air magi
  A catoblepas (Lair:1)
  A jorogumo (Spider:3)
  3 alligators
  3 salamander tyrants
  5 death knights
  6 ironbound frosthearts
  A spriggan skeleton (Abyss:2)
  5 two-headed ogres (D:13)
  25 dancing weapons
  A fenstrider witch skeleton (Crypt:1)
  A ghost crab (Swamp:3)
  An Orb Guardian zombie (Crypt:2)
  A stoker (Geh:1)
  A merfolk aquamancer (Pan)
  A radroach (shapeshifter) (Elf:1)
  12 hell hogs
  10 centaur warriors
  4 vampire magi
  6 death scarabs
  7 boulder beetles
  7 tengu warriors
  7 demonic crawlers
  3 thrashing horrors (Abyss:2)
  13 sun demons
  6 deep troll earth magi
  7 deep troll shamans
  A shock serpent (D:14)
  10 hell knights
  12 deep elf knights
  4 orc high priests
  10 soul eaters
  3 spectral nagas
  Nergalle (D:12)
  3 crystal echidnas
  3 spriggan berserkers
  A titan skeleton (Vaults:3)
  34 skeletal warriors
  2 goliath frogs
  A skyshark (Lair:3)
  An iron giant zombie (Dis:7)
  10 shadow wraiths
  A nameless horror (Crypt:1)
  5 pharaoh ants
  2 wretched stars (Abyss:2)
  7 flayed ghosts
  6 iron trolls
  A ghost moth zombie (Crypt:1)
  2 shadow demons
  5 spriggan riders
  6 sixfirhies
  2 sea snakes (shapeshifter)
  2 spriggan druids
  A quicksilver dragon simulacrum (Coc:7)
  A bunyip skeleton (Tomb:1)
  5 arcanists
  21 bog bodies
  30 deep trolls
  9 swamp dragons
  An orange crystal statue (Depths:1)
  An orb spider (Spider:1)
  2 tengu zombies (Vaults:1)
  5 glowing orange brains
  3 sun moths (Pan)
  7 steelbarb worms (Spider:4)
  2 lindwurms
  14 ironbound convokers
  An anaconda skeleton (Volcano)
  30 deep elf zephyrmancers
  9 deep elf archers
  10 orc knights
  9 necromancers
  26 deep elf pyromancers
  27 ugly things
  2 manticores (D:12)
  A phantasmal warrior (Crypt:1)
  2 cyclopes
  A stone giant zombie (Hell)
  A goliath frog skeleton (Crypt:2)
  2 will-o-the-wisps
  2 shadow dragon skeletons
  10 wolf spiders
  A jorogumo skeleton (Crypt:1)
  An oklob plant (Lair:4)
  A spectral alligator snapping turtle (Tar:1)
  2 shining eyes
  A tengu skeleton (Vaults:3)
  10 moths of wrath
  A stone giant skeleton (Vaults:4)
  A spectral ugly thing (D:15)
  A meliai (shapeshifter) (Abyss:3)
  10 meliai
  A spectral centaur (Tar:1)
  2 kobold blastminers
  18 vault sentinels
  3 alligator skeletons (Volcano)
  2 dire elephant zombies
  8 elephants
  2 centaur zombies
  A molten gargoyle (Hell)
  3 titan simulacra
  A black mamba (Lair:5)
  4 rust devils
  9 cane toads
  An ice statue (IceCv)
  A torpor snail (shapeshifter) (Vaults:5)
  A torpor snail (Spider:4)
  A centaur skeleton (Crypt:3)
  8 gargoyles
  11 smoke demons
  4 hellions
  2 unseen horrors
  A spriggan zombie (Depths:1)
  9 large abominations
  A purple draconian zombie (Crypt:2)
  2 kobold demonologists
  11 yaktaurs
  An efreet (D:15)
  A spectral meliai (D:15)
  3 tormentors
  An iron troll zombie (Depths:2)
  2 freezing wraiths (Crypt:3)
  2 anaconda simulacra
  3 ice devils
  2 rime drakes
  8 komodo dragons
  A green draconian zombie (Zot:2)
  A hydra zombie (Hell)
  A queen bee (shapeshifter) (D:13)
  A yaktaur skeleton (Vaults:1)
  9 guardian mummies
  A yellow draconian skeleton (Crypt:1)
  2 golden dragon simulacra
  4 tengu conjurers
  A harpy zombie (Abyss:2)
  4 red devils
  11 polar bears
  2 tyrant leeches
  3 ancient zymes
  3 hellwings
  6 trolls
  A spectral harpy (Tar:1)
  12 tarantellas
  A shadow dragon simulacrum (Depths:2)
  10 hornets
  4 dream sheep
  3 glass eyes
  A moth of wrath zombie (Zot:1)
  A tarantella (shapeshifter) (Depths:4)
  7 blink frogs
  An iron dragon simulacrum (Coc:5)
  2 raiju (Abyss:2)
  2 alligator simulacra (Crypt:1)
  A boulder beetle zombie (Crypt:1)
  2 harpy skeletons (Volcano)
  A human simulacrum (Vaults:2)
  8 jumping spiders
  Sigmund (D:2)
  A stone giant simulacrum (Crypt:1)
  3 air elementals
  An ettin skeleton (Vaults:3)
  2 shadows (Crypt:3)
  9 wraiths
  31 slime creatures
  21 spriggans
  A culicivora (shapeshifter) (Elf:3)
  7 ynoxinuls
  6 culicivoras
  14 yaks
  3 dire elephant simulacra (IceCv)
  A black mamba skeleton (Crypt:1)
  2 wyverns
  7 humans (D:13)
  3 ushabtiu
  A golden eye (Slime:1)
  2 fire elementals
  7 neqoxecs
  5 wargs
  4 vampire mosquitoes
  A steam dragon (Lair:1)
  11 redbacks
  A fire bat zombie (Crypt:1)
  2 death yak simulacra (IceCv)
  2 elf skeletons
  A wind drake skeleton (Crypt:2)
  Menkaure (D:5)
  5 chaos spawn
  A deep troll zombie (Vaults:3)
  9 harpy simulacra
  10 water moccasins
  A hydra simulacrum (Coc:3)
  10 swamp worms
  An acid dragon (D:8)
  A cane toad zombie (Crypt:2)
  2 swamp drakes (Swamp:4)
  23 orc warriors
  A hornet zombie (Crypt:2)
  An ice beast (D:5)
  A black mamba simulacrum (Lair:2)
  An elf zombie (D:15)
  14 boggarts
  A human zombie (Vaults:4)
  32 laughing skulls
  2 black bears (Lair:5)
  A merfolk simulacrum (Coc:2)
  5 small abominations
  26 starcursed masses (Abyss:2)
  34 wolves
  4 ogres
  8 centaurs
  A lindwurm skeleton (Crypt:2)
  An elf simulacrum (Vaults:2)
  Blork the orc (D:5)
  A phantom (D:5)
  3 weeping skulls
  4 bullfrogs
  3 kobold brigands
  4 earth elementals (Elf:3)
  3 scorpions (D:6)
  A cyclops zombie (D:15)
  A glowing shapeshifter simulacrum (Depths:2)
  7 two-headed ogre simulacra (IceCv)
  2 cane toad simulacra (IceCv)
  A water moccasin zombie (Crypt:1)
  6 human skeletons
  4 burial acolytes (Crypt:3)
  2 wights (D:5)
  2 elephant simulacra (IceCv)
  A troll zombie (Swamp:2)
  A shapeshifter skeleton (Crypt:2)
  A yak skeleton (Crypt:1)
  4 troll skeletons (Volcano)
  A rime drake simulacrum (Lair:2)
  An electric eel (Elf:3)
  A bombardier beetle (D:3)
  3 crimson imps
  A wolf skeleton (Crypt:2)
  A komodo dragon simulacrum (Lair:2)
  12 orc priests
  A hound (D:4)
  2 jellies (Lair:4)
  A sleepcap (D:7)
  Ijyb (D:3)
  Terence (D:2)
  17 orc wizards
  6 spriggan simulacra
  5 hell rats
  8 troll simulacra (IceCv)
  3 polar bear simulacra (IceCv)
  2 wolf simulacra (IceCv)
  A naga skeleton (Volcano)
  9 mummies
  7 gnolls
  8 river rats (D:6)
  4 adders
  3 naga simulacra (IceCv)
  2 shadow imps
  12 white imps
  7 ufetubi
  A jelly zombie (Crypt:1)
  An adder skeleton (Crypt:1)
  2 dart slugs
  A ribbon worm (D:4)
  35 orcs
  5 endoplasms
  5 giant cockroaches
  14 goblins
  8 hobgoblins
  5 jackals
  21 kobolds
  11 quokkas
  8 ball pythons
  4 bats
  A bombardier beetle zombie (Crypt:1)
  4 frilled lizards
  A goblin skeleton (Crypt:1)
  A goblin zombie (D:9)
  An orc zombie (D:9)
  20 rats
  2 aspiring fleshes
  2 creeping infernos
  5 fire vortices
  3 starspawn tentacles (Abyss:3)
1993 creatures vanquished.

Vanquished Creatures (collateral kills)
  Mnoleg (Pan)
  the Royal Jelly (Slime:5)
  Ereshkigal (Tar:7)
  the Serpent of Hell (Coc:7)
  8 dread liches
  Khufu (Tomb:3)
  Dispater (Dis:7)
  13 ancient liches
  4 orbs of fire
  3 pandemonium lords
  2 juggernauts (Dis:7)
  21 royal mummies
  Josephina (Depths:2)
  11 shard shrikes
  22 caustic shrikes
  7 Killer Klowns (Zot:5)
  3 curse toes
  Geryon (Hell)
  8 profane servitors
  8 golden dragons
  Jory (Vaults:3)
  Arachne (Spider:3)
  15 bone dragons
  11 doom hounds
  3 electric golems
  10 Brimstone Fiends
  10 Tzitzimimeh
  15 tentacled monstrosities
  12 hellephants
  A starcursed mass (Abyss:3)
  A spectral shard shrike (Tar:5)
  9 iron giants
  A shard shrike zombie (Coc:7)
  8 Hell Sentinels
  17 Ice Fiends
  12 tainted leviathans
  21 Orb Guardians
  2 liches
  14 acid blobs
  7 titans
  A deep elf blademaster (Elf:3)
  A deep elf master archer (Elf:3)
  18 searing wretches
  4 quicksilver dragons
  12 Executioners (Pan)
  10 sphinxes
  25 ancient champions
  2 eldritch tentacles
  7 death cobs
  2 tentacled starspawn (Abyss:3)
  A thorn hunter (Swamp:4)
  4 tengu reavers
  7 storm dragons
  5 azure jellies
  3 revenants
  2 daevas
  9 protean progenitors
  2 fenstrider witches (Pan)
  9 demonspawn warmongers (Pan)
  9 fire giants
  2 nagarajas (Pan)
  9 shadow dragons
  11 rockslimes
  7 draconian monks
  5 draconian shifters
  8 vault wardens
  9 draconian knights
  10 narguns
  8 shard shrike simulacra
  26 balrugs
  2 curse skulls (Pan)
  2 ghost moths
  A deep elf elementalist (Elf:3)
  2 deep elf sorcerers
  8 quicksilver elementals
  8 frost giants
  An orc warlord (Vaults:1)
  A juggernaut zombie (Dis:7)
  5 draconian scorchers
  A spectral caustic shrike (Tar:4)
  13 reapers
  A spectral tentacled monstrosity (Zot:1)
  4 caustic shrike zombies
  2 emperor scorpions (Spider:4)
  7 cacodemons (Pan)
  A Killer Klown zombie (Zot:5)
  A ghoul (Crypt:2)
  4 draconian stormcallers
  A spectral juggernaut (Depths:1)
  9 formless jellyfish
  A broodmother (Spider:2)
  6 ironbound preservers
  9 demonspawn corrupters (Pan)
  An angel (D:9)
  5 quicksilver oozes
  9 draconian annihilators
  7 stone giants
  2 caustic shrike skeletons
  8 demonspawn blood saints (Pan)
  A doom hound zombie (Tar:4)
  2 juggernaut skeletons (Pan)
  8 putrid mouths
  7 very ugly things
  The ghost of Tucluoh the Eclecticist, a journeyman DECj of Sif Muna (D:15)
  6 demonspawn black suns (Pan)
  An ironbound thunderhulk (Vaults:1)
  3 deep elf demonologists
  2 dire elephants
  13 war gargoyles
  2 deep elf annihilators
  8 green draconians
  18 elemental wellsprings
  3 vampire knights (Geh:3)
  13 bennus
  4 lorocyprocas
  10 yellow draconians
  2 deep elf death magi
  2 eleionomae
  A minotaur (Gauntlet)
  7 black draconians
  4 purple draconians
  3 spark wasps
  3 bunyips
  15 wendigos
  5 white draconians
  18 red draconians
  5 iron golems
  A very ugly thing zombie (Abyss:3)
  spectral Mnoleg (Pan)
  A spectral quicksilver dragon (Tar:4)
  5 eidola
  A jiangshi (Crypt:3)
  A spectral golden dragon (Tar:4)
  9 green deaths
  3 ettins
  13 ice dragons
  Snorg (Orc:1)
  21 mummy priests
  A fire dragon (Zot:2)
  A crystal guardian (Vaults:3)
  8 blizzard demons
  An entropy weaver (Vaults:2)
  2 deep elf high priests
  20 vault guards
  4 spectral Ice Fiends
  2 spectral spriggans
  12 juggernaut simulacra
  6 rakshasas
  3 great orbs of eyes
  7 yaktaur captains
  2 peacekeepers (Vaults:3)
  4 radroaches
  2 jorogumos
  12 salamander tyrants
  2 bennu zombies (Tomb:3)
  2 centaur warriors
  10 hydras
  8 boulder beetles
  2 sphinx zombies (Tomb:1)
  7 caustic shrike simulacra
  3 ghost crabs (Swamp:3)
  3 Orb Guardian zombies (Zot:5)
  3 ironbound frosthearts (Vaults:1)
  4 spectral protean progenitors (Pan)
  7 stokers
  An ogre mage (D:14)
  A two-headed ogre (D:13)
  5 dancing weapons
  2 alligators
  6 tengu warriors
  31 hell hogs
  A spectral stone giant (Tar:4)
  3 deep troll shamans
  27 death scarabs
  4 deep troll earth magi
  An orc high priest (Orc:2)
  A shock serpent (shapeshifter) (Vaults:5)
  A sphinx skeleton (Vaults:2)
  2 spriggan berserkers
  6 demonic crawlers
  3 thrashing horrors (Abyss:3)
  3 spectral nagas
  3 spectral
  Executioners (Pan)
  A spectral balrug (Geh:7)
  A spectral wendigo (Coc:7)
  3 spectral dire elephants
  12 hell knights
  3 spectral emperor scorpions (Pan)
  17 soul eaters
  3 spectral sixfirhies
  21 sun demons
  A shock serpent (D:14)
  4 wretched stars (Abyss:3)
  A deep elf knight (Elf:3)
  9 crystal echidnas
  23 shadow wraiths
  14 skeletal warriors
  A skyshark (shapeshifter) (Vaults:5)
  15 sixfirhies
  2 golden dragon zombies
  5 hellephant skeletons (Pan)
  A death drake (Swamp:1)
  2 skysharks (Lair:3)
  4 iron trolls
  5 goliath frogs
  22 deep trolls
  12 quicksilver dragon simulacra
  3 shadow demons (Pan)
  A glowing orange brain (Pan)
  7 pharaoh ants
  A mana viper (shapeshifter) (D:15)
  A spectral green death (Pan)
  3 anaconda zombies
  A cherub (Zot:1)
  Lodul (D:13)
  2 mana vipers (Pan)
  A glowing orange brain (shapeshifter) (Vaults:5)
  3 spriggan druids
  4 orb spiders
  A shadow dragon zombie (Tar:4)
  A kraken simulacrum (Hell)
  A bunyip skeleton (Abyss:3)
  An iron giant skeleton (Tomb:2)
  2 spectral anacondas
  A deep elf archer (Elf:3)
  6 flayed ghosts
  6 ironbound convokers
  13 spriggan simulacra
  7 bog bodies
  4 sun moths (Pan)
  An anaconda skeleton (Hell)
  8 swamp dragons
  3 spectral cacodemons (Pan)
  9 wolf spiders
  10 steelbarb worms
  4 orc knights
  7 deep elf pyromancers
  4 deep elf zephyrmancers
  11 ugly things
  An oklob plant (Lair:3)
  A salamander (Depths:1)
  8 necromancers
  A draconian zombie (Zot:5)
  An ugly thing zombie (Abyss:3)
  2 shining eyes
  2 will-o-the-wisps
  4 hell hog zombies
  2 worldbinders (Abyss:3)
  A spectral ettin (Tar:5)
  2 cyclopes
  2 fire giant zombies
  A manticore (D:11)
  An elephant (Lair:3)
  11 large abominations
  6 meliai
  23 moths of wrath
  A dire elephant zombie (Hell)
  4 eyes of devastation
  An alligator skeleton (Hell)
  A mana viper zombie (Pan)
  A frost giant skeleton (Depths:1)
  8 vault sentinels
  3 demonspawn zombies (Pan)
  2 fire giant skeletons (Geh:3)
  23 smoke demons
  A torpor snail (Spider:3)
  An eye of devastation (shapeshifter) (Vaults:5)
  3 centaur zombies
  A spectral rakshasa (Abyss:3)
  A gargoyle (D:11)
  6 orange demons
  11 molten gargoyles
  4 cane toads
  A spectral soul eater (Pan)
  5 titan simulacra
  A storm dragon simulacrum (Depths:2)
  A dire elephant skeleton (Geh:3)
  4 yellow draconian zombies
  Maggie (D:7)
  18 hellions
  2 komodo dragons
  A swamp worm zombie (Zot:4)
  An unseen horror (Abyss:3)
  A rime drake (Lair:4)
  10 tormentors
  15 yaktaurs
  A tengu conjurer (D:14)
  3 anaconda simulacra
  2 bunyip simulacra
  An efreet (Pan)
  A freezing wraith (Coc:1)
  8 ice devils
  A yaktaur skeleton (Vaults:2)
  2 iron giant simulacra
  35 guardian mummies
  3 hornets
  3 ancient zymes (Abyss:2)
  A sea snake skeleton (Hell)
  4 red devils
  2 golden dragon simulacra
  17 hellwings
  3 spectral harpies
  A harpy zombie (Tomb:2)
  6 tyrant leeches
  3 trolls
  A raiju (Abyss:3)
  A fire dragon zombie (Zot:2)
  18 tarantellas
  A moth of wrath zombie (Zot:3)
  2 glass eyes
  An ice dragon zombie (Zot:2)
  2 blink frogs
  2 iron dragon simulacra
  3 dream sheep (Lair:3)
  3 stone giant simulacra
  4 spriggan skeletons
  59 slime creatures
  A centaur simulacrum (Hell)
  6 spriggans
  13 dire elephant simulacra
  14 culicivoras
  15 jumping spiders
  An air elemental (Elf:1)
  2 water elementals
  10 ynoxinuls
  6 yaks
  14 ushabtiu
  9 humans (D:13)
  2 wyverns (Lair:1)
  9 golden eyes
  8 chaos spawn
  15 neqoxecs
  16 redbacks
  6 vampire mosquitoes (D:13)
  A spectral rust devil (Pan)
  2 basilisks
  A spectral orange demon (Pan)
  2 spectral hellions (Pan)
  7 swamp worms
  3 spectral tormentors
  A glowing shapeshifter zombie (Depths:1)
  2 naga zombies
  6 small abominations
  19 harpy simulacra
  A spectral red devil (Pan)
  5 water moccasins
  2 acid dragons (Zot:2)
  8 hydra simulacra
  2 spectral smoke demons (Pan)
  6 swamp drakes
  11 orc warriors
  6 laughing skulls
  5 wolves
  3 ettin simulacra
  An ogre (D:13)
  3 centaurs
  2 spectral ynoxinuls
  2 spectral chaos spawn (Pan)
  2 spectral neqoxecs
  4 bullfrogs
  8 naga simulacra
  A two-headed ogre simulacrum (IceCv)
  A glowing shapeshifter simulacrum (Depths:2)
  2 wights (D:5)
  A howler monkey (D:9)
  An electric eel (Lair:3)
  Crazy Yiuf (D:2)
  An iron imp (Abyss:3)
  4 jellies
  9 orc priests
  A hound (D:7)
  An iguana (D:7)
  9 orc wizards
  A polar bear simulacrum (Lair:2)
  6 hell rats
  33 mummies
  3 gnolls
  2 adders
  16 orcs
  3 endoplasms
  A hobgoblin (Bailey)
  2 jackals (D:5)
  15 kobolds
  A frilled lizard (D:2)
  5 rats (D:6)
  7 aspiring fleshes
  2 creeping infernos (Geh:5)
  37 fire vortices
  A lurking horror (Abyss:3)
  3 starspawn tentacles (Abyss:3)
  3 tentacles (Hell)
2243 creatures vanquished.

Vanquished Creatures (others)
  2 dread liches
  A royal mummy (Tomb:1)
  3 caustic shrikes
  A bone dragon (Zot:2)
  5 shard shrike zombies
  A hellephant (Geh:3)
  An iron giant (Dis:5)
  3 Orb Guardians (Zot:5)
  A searing wretch (Geh:3)
  3 Executioners (Pan)
  A sphinx (Tomb:1)
  An ancient champion (Tomb:3)
  3 demonspawn warmongers (Pan)
  2 fire giants
  A draconian monk (Zot:5)
  A shard shrike simulacrum (Coc:7)
  6 caustic shrike zombies
  A balrug (Geh:7)
  A juggernaut zombie (Dis:7)
  2 draconian scorchers
  2 reapers
  2 spectral tentacled monstrosities
  2 draconian annihilators (Zot:4)
  A doom hound zombie (Tar:7)
  2 demonspawn corrupters (Pan)
  A cacodemon (Pan)
  spectral Mlioglotl (Spider:4)
  2 putrid mouths
  2 rockslime zombies (Slime:5)
  A green draconian (Zot:5)
  A spectral human (Swamp:4)
  A war gargoyle (Dis:3)
  3 bennus (Tomb:3)
  6 spectral Hell Sentinels
  A yellow draconian (Zot:5)
  A blizzard demon (Hell)
  2 spectral Brimstone Fiends
  An acid blob zombie (Slime:5)
  A spectral Ice Fiend (Coc:7)
  3 quicksilver dragon zombies
  2 salamander tyrants (Geh:7)
  4 sphinx zombies
  5 Orb Guardian zombies (Zot:5)
  A caustic shrike simulacrum (Coc:7)
  A juggernaut simulacrum (Coc:7)
  A hell beast (Pan)
  A merfolk aquamancer (Pan)
  A stoker (Geh:1)
  An azure jelly zombie (Slime:5)
  4 spectral protean progenitors
  2 spectral wendigos
  2 quicksilver ooze zombies
  3 hellephant zombies (Geh:7)
  3 spectral
  Executioners (Pan)
  A titan zombie (Vaults:5)
  3 death scarabs (Tomb:1)
  2 hell hogs
  6 spectral balrugs
  A spectral ghost moth (Elf:1)
  5 spectral sixfirhies
  3 storm dragon zombies
  A spriggan berserker (Depths:2)
  4 sun demons
  A hell knight (Depths:2)
  2 deep elf knights (Elf:3)
  A skeletal warrior (Tomb:3)
  A spectral daeva (Abyss:3)
  3 bunyip zombies
  An iron troll (D:15)
  A shadow wraith (Tar:4)
  2 spectral lorocyprocas (Pan)
  6 iron giant zombies
  A shadow demon (Depths:4)
  2 spectral cacodemons (Pan)
  7 tengu zombies
  7 shadow dragon zombies
  2 spectral green deaths
  4 ugly thing zombies
  7 wolf spider zombies
  4 frost giant zombies
  2 deep elf pyromancers
  A necromancer (Hell)
  3 spectral ugly things (D:15)
  An ugly thing (D:12)
  5 deep elf zephyrmancers
  A jorogumo zombie (Spider:4)
  A goliath frog zombie (Swamp:2)
  5 stone giant zombies
  2 iron dragon zombies
  An eleionoma zombie (Swamp:1)
  3 moths of wrath (Zot:2)
  2 shock serpent zombies
  5 draconian zombies
  5 hell hog zombies
  A spectral blizzard demon (Pan)
  5 fire giant zombies
  3 demonspawn zombies (Pan)
  A formless jellyfish zombie (Slime:1)
  7 dire elephant zombies
  An orange demon (Pan)
  6 spectral soul eaters
  A red draconian zombie (Zot:4)
  A gargoyle (D:12)
  2 smoke demons
  A green draconian zombie (Zot:2)
  A hellion (Dis:5)
  An unseen horror zombie (Abyss:2)
  A tengu conjurer (Depths:2)
  2 purple draconian zombies (Zot:3)
  2 spectral shadow demons
  4 redback zombies
  12 yaktaur zombies
  3 ice devils
  4 iron troll zombies
  10 spectral sun demons
  2 white draconian zombies
  2 orb spider zombies
  5 steelbarb worm zombies
  A tormentor (Geh:1)
  2 guardian mummies (Tomb:3)
  2 hellwings (Pan)
  2 great orb of eyes zombies
  4 hydra zombies
  4 bloated husks
  3 demonic crawler zombies
  6 moth of wrath zombies
  6 meliai zombies
  3 ettin zombies
  A boulder beetle zombie (Spider:4)
  A spectral elf (Elf:2)
  6 culicivora zombies
  6 ice dragon zombies
  A sun moth zombie (Pan)
  5 tarantella zombies
  4 jumping spider zombies
  A stone giant simulacrum (Coc:2)
  2 fire dragon zombies
  A radroach zombie (Elf:1)
  A spectral orange demon (Pan)
  10 slime creature zombies
  A spectral rust devil (Abyss:2)
  A tyrant leech zombie (Swamp:2)
  2 spectral hell beasts
  3 spectral ice devils
  A naga zombie (Tomb:3)
  2 spectral tormentors
  A chaos spawn (Pan)
  A skyshark zombie (Lair:3)
  5 spectral hellions
  A harpy simulacrum (Coc:5)
  A cane toad zombie (Lair:2)
  3 entropy weaver zombies
  47 human zombies
  22 deep troll zombies
  9 spectral smoke demons
  A hydra simulacrum (Coc:3)
  2 spectral hellwings
  A spectral efreet (D:15)
  A dream sheep zombie (Lair:5)
  A blink frog zombie (Lair:3)
  5 hornet zombies
  An elephant zombie (Lair:3)
  63 elf zombies
  A laughing skull (Abyss:3)
  4 swamp dragon zombies
  A manticore zombie (D:12)
  2 torpor snail zombies
  3 spectral chaos spawn
  6 spectral neqoxecs
  6 spectral ynoxinuls
  3 salamander zombies
  A wyvern zombie (Lair:3)
  A naga simulacrum (Coc:7)
  2 warg zombies
  2 cyclops zombies
  3 water moccasin zombies
  2 raiju zombies (Abyss:2)
  5 yak zombies (Lair:5)
  A queen bee zombie (D:13)
  2 troll zombies
  A polar bear zombie (Lair:5)
  8 spriggan zombies
  7 wolf zombies
  8 centaur zombies
  4 bullfrog zombies
  A hound (D:5)
  2 ogre zombies
  An orc priest (D:6)
  An orc wizard (D:6)
  3 boggart zombies (Vaults:2)
  An acid dragon zombie (Zot:2)
  3 mummies
  2 hell rat zombies
  A gnoll (D:4)
  A swamp drake zombie (Swamp:4)
  An ufetubus (D:5)
  An adder zombie (D:6)
  63 orc zombies
  A spectral shadow imp (Abyss:3)
  7 spectral white imps
  An orc (Orc:1)
  A jackal (D:5)
  4 goblin zombies
  2 hobgoblin zombies (Bailey)
  A jackal zombie (D:5)
  14 kobold zombies
  A quokka zombie (D:6)
  A rat zombie (D:6)
  8 spectral ufetubi
  2 ball lightnings (Depths:3)
  A creeping inferno (Geh:6)
  68 fire vortices
  7 foxfires
  A lurking horror (Abyss:3)
  22 starspawn tentacles
  10 tentacles (Hell)
853 creatures vanquished.

Grand Total: 5089 creatures vanquished

Notes
Turn   | Place    | Note
-------+----------+-------------------------------------------
     0 | D:1      | december12 the Barachi Artificer began the quest for the
                  | Orb.
     0 | D:1      | Reached XP level 1. HP: 15/15 MP: 1/1
   113 | D:1      | Reached XP level 2. HP: 12/22 MP: 2/2
   613 | D:1      | Reached XP level 3. HP: 28/28 MP: 3/3
  1121 | D:2      | Noticed Terence
  1185 | D:2      | Reached XP level 4. HP: 37/37 MP: 4/4
  1207 | D:2      | Killed Terence
  1336 | D:2      | Found a runed translucent door.
  1337 | D:2      | Noticed Crazy Yiuf
  1537 | D:2      | Noticed Sigmund
  1760 | D:3      | Reached skill level 5 in Fighting
  1793 | D:3      | Reached XP level 5. HP: 44/44 MP: 5/5
  2174 | D:3      | Noticed Ijyb
  2189 | D:3      | Killed Ijyb
  2196 | D:3      | Found a broken altar of Ashenzari.
  2196 | D:3      | Found a hide-covered altar of Uskayaw.
  2208 | D:3      | Found Anaogyg's General Store.
  2211 | D:3      | Bought a scroll of teleportation for 39 gold pieces
  2211 | D:3      | Bought a scroll of identify for 26 gold pieces
  2398 | D:4      | Reached XP level 6. HP: 23/53 MP: 6/6
  2642 | D:4      | Found a staircase to the Ecumenical Temple.
  2651 | Temple   | Entered the Ecumenical Temple
  2946 | D:4      | Found an iron altar of Okawaru.
  2991 | D:4      | Found a basalt altar of Yredelemnul.
  3044 | D:4      | Became a worshipper of Yredelemnul the Fallen
  3367 | D:5      | Entered Level 5 of the Dungeon
  3508 | D:5      | Found a shadowy altar of Dithmenos.
  3508 | D:5      | Found a radiant altar of Vehumet.
  3549 | D:5      | Noticed Blork the orc
  3620 | D:5      | Killed Blork the orc
  3621 | D:5      | Reached XP level 7. HP: 43/62 MP: 7/7
  4018 | D:5      | Noticed Menkaure
  4028 | D:5      | Your ally Blork died
  4030 | D:5      | Killed Menkaure
  4192 | D:5      | Reached skill level 1 in Long Blades
  4358 | D:5      | Reached skill level 1 in Invocations
  4532 | D:5      | Reached XP level 8. HP: 35/71 MP: 8/8
  5859 | D:6      | Reached skill level 2 in Invocations
  5860 | D:6      | Reached * piety under Yredelemnul
  6541 | D:7      | Noticed a hornet
  6563 | D:7      | Killed a hornet
  6564 | D:7      | Reached skill level 5 in Long Blades
  6564 | D:7      | Reached skill level 5 in Dodging
  6564 | D:7      | Reached XP level 9. HP: 77/78 MP: 10/10
  6577 | D:7      | Reached ** piety under Yredelemnul
  6626 | D:7      | Noticed Maggie
  6642 | D:7      | Killed Maggie
  6666 | D:7      | Reached skill level 10 in Fighting
  6666 | D:7      | Reached skill level 3 in Invocations
  7048 | D:7      | Found an ornate altar of the Wu Jian Council.
  7600 | D:8      | Found a blossoming altar of Fedhas.
  7623 | D:8      | Found a glowing silver altar of Zin.
  7647 | D:8      | Found an opulent altar of Gozag.
  8067 | D:9      | Noticed a red devil
  8085 | D:9      | Found a flagged portal.
  8086 | D:9      | Identified the +0 chain mail of Hospitality {rF+ Int+5}
  8102 | D:9      | Killed a red devil
  8102 | D:9      | Noticed a red devil
  8127 | D:9      | Killed a red devil
  8128 | D:9      | Reached XP level 10. HP: 14/86 MP: 12/12
  8271 | Bailey   | Entered a bailey
  8365 | Bailey   | Identified the +5 scale mail "Weaqesh" {rPois rC+ Str+3
                  | Int+2}
  8426 | Bailey   | Noticed an orc knight
  8502 | Bailey   | Reached skill level 4 in Invocations
  8700 | Bailey   | Killed an orc knight
  8735 | Bailey   | Reached *** piety under Yredelemnul
  9571 | D:10     | Entered Level 10 of the Dungeon
  9839 | D:10     | Found a staircase to the Orcish Mines.
  9911 | D:10     | Killed an unseen horror
 10436 | D:10     | Found a bloodstained altar of Trog.
 10614 | D:11     | Found a staircase to the Lair.
 10704 | D:11     | Noticed a cyan ugly thing
 10746 | D:11     | Killed a cyan ugly thing
 10747 | D:11     | Reached skill level 10 in Long Blades
 10747 | D:11     | Reached skill level 5 in Invocations
 10747 | D:11     | Reached XP level 11. HP: 68/93 MP: 14/14
 11181 | D:11     | Noticed a cyclops
 11191 | D:11     | Killed a cyclops
 11414 | D:11     | Noticed a manticore
 11420 | D:11     | Killed a manticore
 11845 | D:12     | Noticed a cyclops
 11860 | D:12     | Killed a cyclops
 11964 | D:12     | Noticed a red ugly thing
 12321 | D:12     | Noticed a manticore
 12669 | D:12     | Noticed a red ugly thing
 12704 | D:12     | Killed a red ugly thing
 12823 | D:12     | Killed a manticore
 12891 | D:12     | Noticed a deep elf pyromancer
 13103 | D:12     | Noticed Nergalle
 13120 | D:12     | Killed Nergalle
 13218 | D:12     | Noticed a manticore
 13278 | D:12     | Killed a deep elf pyromancer
 13278 | D:12     | Your ally Nergalle died
 13938 | D:12     | Killed a manticore
 13939 | D:12     | Reached XP level 12. HP: 37/103 MP: 16/16
 14013 | D:12     | Reached skill level 5 in Armour
 14272 | D:13     | Found Neygyasm's Jewellery Boutique.
 14293 | D:13     | Bought an amulet of regeneration for 420 gold pieces
 14303 | D:13     | Noticed a six-headed hydra
 14312 | D:13     | Killed a six-headed hydra
 14313 | D:13     | Reached skill level 10 in Dodging
 14313 | D:13     | Reached skill level 6 in Invocations
 14370 | D:13     | Noticed a centaur warrior
 14380 | D:13     | Killed a centaur warrior
 14431 | D:13     | Noticed a two-headed ogre
 14438 | D:13     | Killed a two-headed ogre
 14551 | D:13     | Noticed a centaur warrior
 14553 | D:13     | Reached **** piety under Yredelemnul
 14563 | D:13     | Killed a centaur warrior
 14595 | D:13     | Noticed Lodul
 14606 | D:13     | Killed Lodul
 14679 | D:13     | Noticed a centaur warrior
 14688 | D:13     | Your ally Lodul died
 14692 | D:13     | Killed a centaur warrior
 14802 | D:13     | Found Jonkousa's Distillery.
 14811 | D:13     | Bought a potion of heal wounds for 50 gold pieces
 14822 | D:13     | Found a gate to the Vaults.
 14904 | D:13     | Noticed a two-headed ogre
 14915 | D:13     | Killed a two-headed ogre
 15017 | D:14     | Noticed a centaur warrior
 15137 | D:13     | Gained mutation: You can hop long distances. [Barachi
                  | growth]
 15137 | D:13     | Reached XP level 13. HP: 103/111 MP: 18/18
 15238 | D:13     | Reached skill level 7 in Invocations
 15965 | D:14     | Found a runed translucent door.
 15968 | D:14     | Noticed a spark wasp
 15970 | D:14     | Noticed a spark wasp
 15985 | D:14     | Found a runed translucent door.
 15989 | D:14     | Found a runed translucent door.
 15989 | D:14     | Noticed a storm dragon
 15989 | D:14     | Found the +5 Storm Queen's Shield {shock, Fly rElec}
 16021 | D:14     | Found a runed translucent door.
 16347 | D:15     | Entered Level 15 of the Dungeon
 16373 | D:15     | Found a runed translucent door.
 16378 | D:15     | Noticed Tucluoh's ghost (journeyman DECj)
 16391 | D:15     | Identified the +4 spear "Undertaker" {vamp, rPois MP+9}
 16513 | D:15     | Reached skill level 15 in Long Blades
 16791 | D:15     | Reached XP level 14. HP: 102/120 MP: 14/19
 16967 | D:14     | Reached skill level 8 in Invocations
 17256 | D:15     | Found a staircase to the Depths.
 17446 | D:15     | Found Ublokh's Jewellery Shop.
 17629 | Lair:1   | Entered Level 1 of the Lair of Beasts
 17764 | Lair:1   | Found a dark tunnel.
 17770 | Volcano  | Entered a volcano
 18753 | Lair:1   | Reached skill level 9 in Invocations
 19079 | Lair:2   | Reached skill level 15 in Fighting
 19103 | Lair:2   | Found a hole to the Spider Nest.
 19243 | Lair:2   | Reached skill level 15 in Dodging
 19292 | Lair:2   | Found a transporter.
 19349 | Lair:2   | Reached XP level 15. HP: 116/129 MP: 21/21
 19465 | Lair:2   | Found a transporter.
 19535 | Lair:2   | Identified the +0 leather armour "Huegejom" {rElec Int-2
                  | Stlth+}
 19769 | Lair:3   | Reached ***** piety under Yredelemnul
 20138 | Lair:3   | Found a staircase to the Swamp.
 20176 | Lair:3   | Reached skill level 10 in Invocations
 20745 | Lair:4   | Found a frozen archway.
 20785 | IceCv    | Entered an ice cave
 21941 | Lair:4   | Reached skill level 11 in Invocations
 22153 | Lair:4   | Noticed Sonja
 22155 | Lair:4   | Sonja changed into Sonja the warg
 22155 | Lair:4   | Noticed Sonja
 22168 | Lair:4   | Killed Sonja the warg
 22208 | Lair:4   | Found a staircase to the Slime Pits.
 22209 | Lair:4   | Found a viscous altar of Jiyva.
 22656 | Lair:5   | Entered Level 5 of the Lair of Beasts
 22678 | Lair:5   | Found a gate leading to a gauntlet.
 22692 | Gauntlet | Entered a Gauntlet
 22692 | Gauntlet | Found a transporter.
 22692 | Gauntlet | Found a transporter.
 22693 | Gauntlet | Found a runed translucent door.
 22707 | Gauntlet | Found a transporter.
 22718 | Gauntlet | Found a large runed translucent door.
 22719 | Gauntlet | Found a large runed translucent door.
 22720 | Gauntlet | Found a large runed translucent door.
 22720 | Gauntlet | Found a large runed translucent door.
 22720 | Gauntlet | Found a large runed translucent door.
 22720 | Gauntlet | Found a large runed translucent door.
 22721 | Gauntlet | Found a runed translucent door.
 22721 | Gauntlet | Found a large runed translucent door.
 22721 | Gauntlet | Found a large runed translucent door.
 22721 | Gauntlet | Found a runed translucent gate.
 22722 | Gauntlet | Found a transporter.
 22722 | Gauntlet | Found a runed translucent gate.
 22722 | Gauntlet | Found a transporter.
 22723 | Gauntlet | Found a runed translucent door.
 22723 | Gauntlet | Found a runed translucent gate.
 22723 | Gauntlet | Found a transporter.
 22724 | Gauntlet | Found a transporter.
 22725 | Gauntlet | Found a transporter.
 22738 | Gauntlet | Found a transporter.
 22756 | Gauntlet | Found a transporter.
 22766 | Gauntlet | Found a transporter.
 22782 | Gauntlet | Found a transporter.
 22795 | Gauntlet | Found a large runed translucent door.
 22795 | Gauntlet | Found a large runed translucent door.
 22796 | Gauntlet | Found a large runed translucent door.
 22797 | Gauntlet | Found a large runed translucent door.
 22797 | Gauntlet | Found a large runed translucent door.
 22797 | Gauntlet | Found a large runed translucent door.
 22798 | Gauntlet | Found a large runed translucent door.
 22798 | Gauntlet | Found a large runed translucent door.
 22802 | Gauntlet | Found a transporter.
 22821 | Gauntlet | Found a transporter.
 22899 | Gauntlet | Identified the ring of Becefysmei {Int+6 Dex+4}
 22990 | Gauntlet | Identified the +0 helmet of the Orb Guardian {rF- MP+9
                  | Str+5}
 23025 | Gauntlet | Identified the +0 cloak "Yxteh" {Harm Int-4 Stlth+}
 23055 | Lair:5   | Reached skill level 12 in Invocations
 23150 | Lair:5   | Reached ****** piety under Yredelemnul
 23349 | Lair:5   | Reached XP level 16. HP: 135/136 MP: 22/25
 24116 | Orc:1    | Entered Level 1 of the Orcish Mines
 24116 | Orc:1    | Noticed Snorg
 24129 | Orc:1    | Killed Snorg
 24242 | Orc:2    | Entered Level 2 of the Orcish Mines
 24248 | Orc:2    | Found Istruykh's Book Boutique.
 24266 | Orc:2    | Reached skill level 1 in Spellcasting
 24612 | Orc:2    | Found a staircase to the Elven Halls.
 24716 | Orc:2    | Found Zailoonk's Antique Armour Emporium.
 24725 | Orc:2    | Bought a glowing helmet for 247 gold pieces
 24748 | Orc:2    | Found Weise's Antique Weapon Shoppe.
 24932 | Orc:2    | Found Mumomed's General Store.
 24941 | Orc:2    | Bought a scroll of identify for 28 gold pieces
 25322 | Orc:1    | Noticed Jorgrun
 25398 | Orc:2    | Killed Jorgrun
 25437 | Orc:1    | Reached skill level 13 in Invocations
 25557 | Orc:1    | Upgraded the game from 0.32-a0-361-g289a535 to
                  | 0.32-a0-391-gce5c0aa
 26058 | D:2      | Killed Crazy Yiuf
 26129 | D:2      | Killed Sigmund
 26815 | D:15     | Killed Tucluoh's ghost
 27101 | Swamp:1  | Entered Level 1 of the Swamp
 27206 | Swamp:1  | Identified the +8 dagger "Ithrafoxt" {elec, +Blink Will+
                  | Str-2 Dex+3}
 27334 | Swamp:1  | Reached skill level 5 in Spellcasting
 28009 | Swamp:2  | Noticed Frances
 28016 | Swamp:2  | Killed Frances
 28016 | Swamp:2  | Bound Frances
 28252 | Swamp:3  | Reached XP level 17. HP: 133/142 MP: 27/27
 28301 | Swamp:3  | Reached skill level 14 in Invocations
 28749 | Swamp:4  | Entered Level 4 of the Swamp
 28749 | Swamp:4  | Noticed a tentacled monstrosity
 28814 | Swamp:4  | Killed a tentacled monstrosity
 29057 | Swamp:4  | Reached skill level 15 in Invocations
 29096 | Swamp:4  | Noticed the 27-headed Lernaean hydra
 29103 | Swamp:4  | Your ally Frances died
 29104 | Swamp:4  | Killed the 26-headed Lernaean hydra
 29153 | Swamp:4  | Got a decaying rune of Zot
 29487 | Spider:1 | Entered Level 1 of the Spider Nest
 29493 | Lair:2   | Learned a level 2 spell: Blink
 29496 | Lair:2   | Learned a level 2 spell: Lesser Beckoning
 29500 | Lair:2   | Learned a level 3 spell: Passwall
 29606 | Spider:1 | Noticed Mlioglotl
 29631 | Spider:1 | Killed Mlioglotl
 29631 | Spider:1 | Bound Mlioglotl
 29883 | Spider:1 | Identified the +11 tower shield of Xylupso {*Slow rC++
                  | Str+5}
 29910 | Spider:1 | Reached XP level 18. HP: 149/149 MP: 31/31
 30556 | Spider:2 | Identified the +5 falchion of Idghenk {drain, Str+2}
 30564 | Spider:2 | Reached skill level 10 in Spellcasting
 30849 | Spider:3 | Reached skill level 10 in Armour
 30881 | Spider:3 | Noticed Arachne
 30920 | Spider:3 | Killed Arachne
 31139 | Spider:3 | Identified the +0 scale mail of Spite {Int+6 Dex+3}
 31333 | Spider:4 | Entered Level 4 of the Spider Nest
 31536 | Spider:4 | Your ally Mlioglotl died
 31927 | Spider:4 | Reached XP level 19. HP: 130/159 MP: 12/33
 31931 | Spider:4 | Reached skill level 16 in Invocations
 32099 | Spider:4 | Got a gossamer rune of Zot
 32254 | Spider:4 | Learned a level 5 spell: Summon Mana Viper
 32257 | Spider:4 | Reached XP level 20. HP: 169/169 MP: 35/35
 32493 | D:14     | Paralysed by an air elemental for 1 turns
 32504 | D:14     | Reached skill level 1 in Hexes
 32504 | D:14     | Reached skill level 1 in Translocations
 32685 | Elf:1    | Entered Level 1 of the Elven Halls
 32987 | Elf:1    | Got the Omnibus of Syndicated Turbulence
 33085 | Elf:1    | Reached skill level 1 in Shapeshifting
 33177 | Elf:1    | Got the Tome of the Gathered Volley
 33289 | Elf:1    | Found Ylorof's Antique Weapon Shop.
 33882 | Elf:2    | Identified a scroll of acquirement
 33922 | Elf:2    | Paralysed by an air elemental for 1 turns
 33938 | Elf:2    | Acquired the ring "Xuicafue" {rPois rC++ Int+3}
 33973 | Elf:2    | Found Dyannul's Weapon Shoppe.
 34085 | Elf:2    | Reached skill level 5 in Shapeshifting
 34112 | Elf:2    | Found a runed translucent gate.
 34112 | Elf:2    | Found a runed translucent gate.
 34112 | Elf:2    | Found a runed translucent gate.
 35610 | Elf:2    | Found Dyannul's Weapon Shoppe.
 35777 | Elf:3    | Entered Level 3 of the Elven Halls
 35935 | Elf:3    | Noticed Zenata
 36363 | Elf:3    | Killed Zenata
 36472 | Elf:3    | Reached XP level 21. HP: 163/164 MP: 36/36
 36533 | Elf:3    | Identified the +11 hand axe "Ysom" {freeze, rElec rC+}
 36579 | Elf:3    | Reached skill level 10 in Shapeshifting
 36620 | Elf:3    | Your ally Zenata died
 37005 | Elf:3    | Identified the +1 robe of the Hall of Blades {rF+ rN+
                  | Int+5}
 37124 | Elf:3    | Identified the +6 halberd of Instant Death {pain, Int+3}
 37172 | Elf:3    | Identified the amulet of Byowaun {Faith Stlth+}
 37188 | Abyss:2  | Cast into level 2 of the Abyss (a deep elf sorcerer)
 37601 | Abyss:2  | Paralysed by accursed screaming for 1 turns
 37611 | Abyss:2  | Paralysed by accursed screaming for 1 turns
 37707 | Elf:3    | Escaped the Abyss
 38348 | Elf:3    | Noticed Louise
 38389 | Elf:3    | Louise changed into Louise the quicksilver ooze
 38389 | Elf:3    | Noticed Louise
 38394 | Elf:3    | Killed Louise the quicksilver ooze
 38520 | Elf:3    | Your ally Louise died
 38521 | Elf:3    | Identified the +2 scale mail "Leptuax" {rF+ Will++ rCorr}
 38611 | Elf:3    | Identified the +0 chain mail of Dishonour {Rampage rElec
                  | Int-2}
 38754 | Elf:3    | Identified the +2 glaive "Dinec" {flame, rPois}
 38920 | Elf:3    | Identified the +7 shortbow "Kayhilai" {drain, rElec Dex+4
                  | Stlth-}
 39005 | Elf:3    | Identified the +5 orcbow "Tediwk" {drain, rF- rC- rCorr
                  | Dex+7}
 39055 | Elf:3    | Identified the +0 ring mail of Rotini {Rampage rCorr Dex+2
                  | Stlth+}
 39340 | Vaults:1 | Entered Level 1 of the Vaults
 39353 | Vaults:1 | Found Xocatauh's Magic Scroll Boutique.
 39362 | Vaults:1 | Bought a scroll of teleportation for 63 gold pieces
 39362 | Vaults:1 | Bought a scroll of blinking for 157 gold pieces
 39362 | Vaults:1 | Bought a scroll of enchant weapon for 157 gold pieces
 39362 | Vaults:1 | Bought a scroll of butterflies for 84 gold pieces
 39362 | Vaults:1 | Bought a scroll of immolation for 84 gold pieces
 39362 | Vaults:1 | Bought a scroll of revelation for 157 gold pieces
 39517 | Vaults:1 | Found Inac's General Store.
 39521 | Vaults:1 | Bought a scroll of teleportation for 48 gold pieces
 39858 | Vaults:1 | Found Reawnuif's Jewellery Shop.
 39934 | Vaults:1 | Found Fopnaf's Antique Armour Shoppe.
 39980 | Vaults:1 | Found Vaejem's Assorted Antiques.
 39987 | Vaults:1 | Bought an embroidered scarf for 320 gold pieces
 39999 | Vaults:1 | Bought a scroll of teleportation for 135 gold pieces
 40134 | Vaults:1 | Reached skill level 15 in Shapeshifting
 40389 | Vaults:1 | Reached XP level 22. HP: 184/184 MP: 37/37
 40619 | Vaults:1 | Learned a level 1 spell: Apportation
 40773 | Vaults:2 | Found Rotyam's Jewellery Boutique.
 40783 | Vaults:2 | Found Ypna's Assorted Antiques.
 40792 | Vaults:2 | Bought a scroll of teleportation for 114 gold pieces
 40829 | Vaults:2 | Got the Cyclopedia of the Assorted Runes
 40879 | Vaults:2 | Identified the amulet "Evvaiz" {RegenMP Str+6}
 40902 | Vaults:2 | Noticed Saint Roka
 40950 | Vaults:2 | Killed Saint Roka
 41142 | Vaults:2 | Found Mahaj's Antique Armour Boutique.
 41217 | Vaults:2 | Found Qiony's Weapon Emporium.
 41248 | Vaults:2 | Your ally Saint Roka died
 41286 | Vaults:2 | Reached skill level 5 in Translocations
 41386 | Vaults:2 | Reached skill level 5 in Hexes
 41960 | Vaults:2 | Learned a level 5 spell: Yara's Violent Unravelling
 41966 | Vaults:2 | Learned a level 5 spell: Irradiate
 42059 | Vaults:3 | Reached skill level 1 in Alchemy
 42151 | Vaults:3 | Noticed Jory
 42272 | Vaults:3 | Identified the +3 chain mail of True Grit {Rampage rF+ rN+}
 42320 | Vaults:3 | Killed Jory
 42443 | Vaults:3 | Found a staircase to the Crypt.
 42873 | Vaults:3 | Found Reethop's Jewellery Shop.
 42873 | Vaults:3 | Found Lipot's Magic Scroll Shop.
 42949 | Vaults:3 | Reached XP level 23. HP: 174/190 MP: 39/39
 42986 | Vaults:3 | Found Jeckag's Jewellery Shop.
 43009 | Vaults:3 | Bought a scroll of blinking for 165 gold pieces
 43009 | Vaults:3 | Bought a scroll of teleportation for 66 gold pieces
 43009 | Vaults:3 | Bought a scroll of fog for 88 gold pieces
 43265 | Vaults:3 | Learned a level 4 spell: Manifold Assault
 43270 | Vaults:3 | Learned a level 4 spell: Vhi's Electric Charge
 43371 | Vaults:4 | Identified the +3 shortbow of the Extremes {heavy, Str+3}
 43479 | Vaults:4 | Found Fyrphe's Book Boutique.
 43674 | Vaults:4 | Paralysed by a sphinx for 4 turns
 44422 | Crypt:1  | Entered Level 1 of the Crypt
 44465 | Crypt:1  | Reached skill level 5 in Alchemy
 44542 | Crypt:1  | Reached skill level 10 in Hexes
 46562 | Crypt:3  | Entered Level 3 of the Crypt
 46897 | Crypt:3  | Found an ancient bone altar of Kikubaaqudgha.
 47225 | Crypt:3  | Reached XP level 24. HP: 142/197 MP: 40/40
 47599 | Crypt:3  | Identified the staff "Adealoim" {rN+ Will+ Necro}
 47758 | Crypt:3  | Found a staircase to the Tomb.
 47791 | Crypt:3  | Identified the ring of Arunerchu {EV+5 Int+2}
 48261 | Depths:1 | Entered Level 1 of the Depths
 48261 | Depths:1 | Noticed an ancient lich
 48261 | Depths:1 | Noticed Nikola
 48261 | Depths:1 | Found a one-way gateway to a ziggurat.
 48277 | D:15     | Killed Nikola
 48336 | Depths:1 | Reached skill level 17 in Invocations
 48344 | Depths:1 | Killed an ancient lich
 48345 | Depths:1 | Reached skill level 1 in Conjurations
 48352 | Depths:1 | Found a stormy altar of Qazlal.
 48457 | Depths:1 | Found a one-way gate leading to the halls of Pandemonium.
 48500 | Depths:1 | Identified the amulet "Fadod" {RegenMP Rampage rCorr}
 48673 | Depths:1 | Got the Guide on Exhumation
 48683 | Depths:1 | Noticed Bai Suzhen
 48701 | Depths:1 | Killed Bai Suzhen
 48722 | Depths:1 | Your ally Bai Suzhen died
 48794 | Depths:1 | Found a gateway to Hell.
 48843 | Depths:1 | Identified the amulet "Sazent" {Regen+ Dex+3}
 49033 | Depths:1 | Found Adelim's Antique Armour Emporium.
 49611 | Depths:2 | Identified the ring "Ucyit" {Ice rElec}
 49611 | Depths:2 | Noticed Josephina
 49624 | Depths:2 | Killed Josephina
 49756 | Depths:2 | Reached XP level 25. HP: 197/204 MP: 38/41
 49757 | Depths:2 | Reached skill level 5 in Conjurations
 50067 | Depths:2 | Identified the +3 leather armour "Noary" {rElec rPois rC-
                  | rCorr}
 50195 | Depths:2 | Found Yfawnepn's Distillery.
 50207 | Depths:2 | Bought a potion of heal wounds for 105 gold pieces
 50207 | Depths:2 | Bought a potion of cancellation for 168 gold pieces
 50207 | Depths:2 | Bought a potion of heal wounds for 105 gold pieces
 50207 | Depths:2 | Bought a potion of attraction for 63 gold pieces
 50207 | Depths:2 | Bought a potion of heal wounds for 105 gold pieces
 50207 | Depths:2 | Bought 2 potions of brilliance for 168 gold pieces
 50207 | Depths:2 | Bought a potion of attraction for 63 gold pieces
 50207 | Depths:2 | Bought a potion of curing for 63 gold pieces
 50207 | Depths:2 | Bought a potion of heal wounds for 105 gold pieces
 50207 | Depths:2 | Bought a potion of brilliance for 84 gold pieces
 50207 | Depths:2 | Bought a potion of invisibility for 168 gold pieces
 50586 | Depths:3 | Found a one-way gate to the infinite horrors of the Abyss.
 50753 | Depths:3 | Reached skill level 15 in Hexes
 50896 | Depths:3 | Reached skill level 15 in Spellcasting
 50913 | Depths:3 | Noticed a juggernaut
 50923 | Depths:3 | Killed a juggernaut
 50924 | Depths:3 | Reached skill level 18 in Invocations
 50924 | Depths:3 | Reached skill level 1 in Summonings
 50932 | Depths:3 | Reached skill level 1 in Air Magic
 51351 | Depths:3 | Identified the +6 chain mail "Faxkuer" {rC- rN+ Regen+ MP+9
                  | Slay+6}
 51422 | Depths:4 | Entered Level 4 of the Depths
 51513 | Depths:4 | Reached skill level 5 in Air Magic
 51809 | Depths:4 | Reached skill level 5 in Summonings
 51900 | Depths:4 | Found a gate to the Realm of Zot.
 52016 | Depths:4 | Identified the +6 trident "Sengufro" {heavy, Dex+7 Stlth+}
 52114 | Depths:4 | Noticed Mennas
 52127 | Depths:4 | Killed Mennas
 52127 | Depths:4 | Bound Mennas
 52641 | Vaults:5 | Entered Level 5 of the Vaults
 52661 | Vaults:5 | Identified the orb of Yrchiqa {*channel, Int+4}
 52661 | Vaults:5 | Noticed Frederick
 52672 | Vaults:4 | Reached XP level 26. HP: 186/211 MP: 42/42
 52950 | Vaults:5 | Noticed a dread lich
 52962 | Vaults:5 | Killed a dread lich
 53039 | Vaults:5 | Noticed a dread lich
 53045 | Vaults:5 | Killed a dread lich
 53063 | Vaults:5 | Noticed a dread lich
 53067 | Vaults:5 | Killed a dread lich
 53080 | Vaults:5 | Identified the ring of the Past {rC+ EV+5}
 53089 | Vaults:5 | Killed Frederick
 53095 | Vaults:5 | Noticed an ancient lich
 53270 | Vaults:5 | Killed an ancient lich
 53278 | Vaults:5 | Identified the ring "Owalix" {MP+9 Int+3}
 53459 | Vaults:5 | Found Sutiym's Magic Scroll Shop.
 53463 | Vaults:5 | Identified the staff "Peidd" {rN+ rCorr Necro}
 53473 | Vaults:5 | Bought a scroll of teleportation for 36 gold pieces
 53473 | Vaults:5 | Bought a scroll of fog for 48 gold pieces
 53532 | Vaults:5 | Got a silver rune of Zot
 53662 | Vaults:5 | Found the ring of the Octopus King
 53682 | Vaults:5 | Identified a ring of the Octopus King {HP+2 AC+2 EV+2 SH+2
                  | SInv}
 53770 | Vaults:5 | Identified the +0 sling "Seuny" {drain, Str+6}
 53985 | Vaults:5 | Bought a scroll of torment for 114 gold pieces
 54336 | Slime:1  | Entered Level 1 of the Pits of Slime
 54786 | Slime:2  | Reached XP level 27. HP: 173/217 MP: 44/44
 55721 | Slime:5  | Entered Level 5 of the Pits of Slime
 55753 | Slime:5  | Found a viscous altar of Jiyva.
 55753 | Slime:5  | Noticed the Royal Jelly
 55820 | Slime:5  | Killed the Royal Jelly
 55951 | Slime:5  | Identified the ring "Fige" {rPois Str+6 Dex+2}
 55983 | Slime:5  | Identified the +1 great mace "Vibekk" {pain, rCorr}
 55986 | Slime:5  | Identified the +4 halberd of Woarum {heavy, rC+++ rN+ Str-2
                  | Dex-3}
 56019 | Slime:5  | Got a slimy rune of Zot
 56020 | Slime:5  | Identified the +0 robe of Dogma {-Tele rF++ Str+4 Archmagi}
 56046 | Slime:5  | Identified the ring of the Princeling {rN+ rCorr Str+2
                  | Int+2 Stlth+}
 56517 | Depths:4 | Learned a level 8 spell: Discord
 56540 | Depths:4 | Learned a level 6 spell: Eringya's Noxious Bog
 56551 | Zot:1    | Entered Level 1 of the Realm of Zot
 56553 | Zot:1    | Noticed an orb of fire
 56562 | Zot:1    | Killed an orb of fire
 57737 | Zot:2    | Identified the +2 helmet of the Eternal Fruit {Str-2 Int+5
                  | Dex+4}
 57807 | Zot:2    | Paralysed by a Zot trap for 4 turns
 58214 | Zot:3    | Found the +13 scythe of Curses {drain, curses, ^Drain}
 58228 | Zot:3    | Noticed an orb of fire
 58235 | Zot:3    | Gained mutation: Your magical capacity is low. (-10% MP)
                  | [an orb of fire]
 58238 | Zot:3    | Killed an orb of fire
 59462 | Zot:4    | Identified the +7 fire dragon scales "Piebu" {rF++ rC-
                  | Will+++ Str+3}
 59805 | Zot:4    | Noticed a dread lich
 59806 | Zot:4    | Noticed a dread lich
 59814 | Zot:4    | Killed a dread lich
 59817 | Zot:4    | Killed a dread lich
 59823 | Zot:4    | Found a faded altar of an unknown god.
 59881 | Zot:4    | Identified the +10 hand axe of Karma {speed, rC+ MP+9 SInv}
 59884 | Zot:4    | Identified the ring "Vaveffu" {rN+ Str+4 Int-3 SInv}
 60118 | Zot:5    | Entered Level 5 of the Realm of Zot
 60124 | Zot:5    | Reached skill level 10 in Air Magic
 60327 | Zot:5    | Found an ancient bone altar of Kikubaaqudgha.
 60415 | Zot:5    | Noticed an ancient lich
 60423 | Zot:5    | Killed an ancient lich
 60610 | Zot:1    | Learned a level 5 spell: Silence
 60958 | Vaults:4 | Bought the Elucidation of Electricity for 510 gold pieces
 61105 | Vaults:1 | Bought a potion of might for 180 gold pieces
 61105 | Vaults:1 | Bought a potion of heal wounds for 225 gold pieces
 61165 | D:13     | Bought a potion of resistance for 100 gold pieces
 61165 | D:13     | Bought a potion of might for 40 gold pieces
 61165 | D:13     | Bought a potion of cancellation for 80 gold pieces
 61165 | D:13     | Bought a potion of curing for 30 gold pieces
 61165 | D:13     | Bought a potion of brilliance for 40 gold pieces
 61165 | D:13     | Bought a potion of cancellation for 80 gold pieces
 61165 | D:13     | Bought a potion of resistance for 100 gold pieces
 61165 | D:13     | Bought a potion of lignification for 30 gold pieces
 61165 | D:13     | Bought a potion of curing for 30 gold pieces
 61381 | D:3      | Bought a scroll of enchant armour for 97 gold pieces
 61381 | D:3      | Bought a potion of resistance for 130 gold pieces
 61390 | D:3      | Learned a level 8 spell: Maxwell's Capacitive Coupling
 61393 | D:3      | Learned a level 2 spell: Sublimation of Blood
 61793 | Tomb:1   | Entered Level 1 of the Tomb of the Ancients
 62215 | Tomb:1   | Noticed a royal mummy
 62217 | Tomb:1   | Noticed a royal mummy
 62232 | Tomb:1   | Killed a royal mummy
 62239 | Tomb:1   | Killed a royal mummy
 62701 | Tomb:2   | Noticed a royal mummy
 62701 | Tomb:2   | Noticed a royal mummy
 62701 | Tomb:2   | Noticed a royal mummy
 62701 | Tomb:2   | Noticed a royal mummy
 62720 | Tomb:2   | Killed a royal mummy
 62738 | Tomb:2   | Killed a royal mummy
 62765 | Tomb:2   | Killed a royal mummy
 62770 | Tomb:2   | Killed a royal mummy
 63286 | Tomb:1   | Noticed a royal mummy
 63286 | Tomb:1   | Noticed a royal mummy
 63286 | Tomb:1   | Noticed a royal mummy
 63286 | Tomb:1   | Noticed a royal mummy
 63297 | Tomb:1   | Killed a royal mummy
 63299 | Tomb:1   | Killed a royal mummy
 63303 | Tomb:1   | Killed a royal mummy
 63320 | Tomb:1   | Killed a royal mummy
 63541 | Tomb:1   | Noticed a royal mummy
 63554 | Tomb:1   | Noticed a royal mummy
 63563 | Tomb:1   | Killed a royal mummy
 63564 | Tomb:1   | Reached skill level 15 in Air Magic
 63564 | Tomb:1   | Killed a royal mummy
 63598 | Tomb:1   | Noticed a royal mummy
 63605 | Tomb:1   | Killed a royal mummy
 63642 | Tomb:1   | Noticed a royal mummy
 63654 | Tomb:1   | Killed a royal mummy
 63706 | Tomb:1   | Noticed a royal mummy
 63721 | Tomb:1   | Killed a royal mummy
 63725 | Tomb:1   | Noticed a royal mummy
 63750 | Tomb:1   | Killed a royal mummy
 63887 | Tomb:1   | Noticed a royal mummy
 63903 | Tomb:1   | Killed a royal mummy
 63971 | Tomb:1   | Noticed a royal mummy
 63985 | Tomb:1   | Noticed a royal mummy
 63994 | Tomb:1   | Killed a royal mummy
 64008 | Tomb:1   | Killed a royal mummy
 64053 | Tomb:1   | Noticed a royal mummy
 64069 | Tomb:1   | Killed a royal mummy
 64118 | Tomb:1   | Noticed a royal mummy
 64122 | Tomb:1   | Killed a royal mummy
 64132 | Tomb:1   | Noticed a royal mummy
 64133 | Tomb:1   | Noticed a royal mummy
 64142 | Tomb:1   | Killed a royal mummy
 64146 | Tomb:1   | Killed a royal mummy
 64402 | Tomb:3   | Entered Level 3 of the Tomb of the Ancients
 64424 | Tomb:3   | Noticed a royal mummy
 64427 | Tomb:3   | Noticed a royal mummy
 64431 | Tomb:3   | Killed a royal mummy
 64436 | Tomb:3   | Noticed a royal mummy
 64437 | Tomb:3   | Killed a royal mummy
 64439 | Tomb:3   | Noticed a royal mummy
 64441 | Tomb:3   | Killed Khufu
 64441 | Tomb:3   | Killed a royal mummy
 64442 | Tomb:3   | Noticed a royal mummy
 64442 | Tomb:3   | Noticed a royal mummy
 64442 | Tomb:3   | Noticed a royal mummy
 64442 | Tomb:3   | Noticed a royal mummy
 64443 | Tomb:3   | Killed a royal mummy
 64444 | Tomb:3   | Killed a royal mummy
 64445 | Tomb:3   | Killed a royal mummy
 64448 | Tomb:3   | Killed a royal mummy
 64453 | Tomb:3   | Killed a royal mummy
 64721 | Tomb:3   | Got a golden rune of Zot
 64750 | Tomb:3   | Identified the +9 plate armour of Jyqefin {Str+3}
 64752 | Tomb:3   | Identified the +8 spear of Overwhelming Force {heavy,
                  | ^Drain rC++ Str+5}
 64763 | Tomb:3   | Identified the +10 shortbow of Codegra {antimagic, SInv}
 64780 | Tomb:3   | Identified the +1 quarterstaff of Disorder {heavy, Dex+5}
 64791 | Tomb:3   | Identified the +1 longbow "Akod" {elec, rPois Int+3 SInv}
 64809 | Tomb:3   | Identified the staff of the Burning Blowfly {rElec rC-
                  | Int+4 Fire Ice Air}
 64810 | Tomb:3   | Identified the +10 war axe of Laceration {speed, Int+5}
 64811 | Tomb:3   | Identified the amulet of Ityicoha {Reflect *Corrode rPois
                  | Str+7 SH+5}
 65911 | Pan      | Entered Pandemonium
 66016 | Pan      | Lost mutation: Your magical capacity is low. (-10% MP)
                  | [potion of mutation]
 66016 | Pan      | Gained mutation: Your muscles are strong. (Str +4, Int/Dex
                  | -1) [potion of mutation]
 66017 | Pan      | Lost mutation: Your muscles are strong. (Str +4, Int/Dex
                  | -1) [potion of mutation]
 66017 | Pan      | Gained mutation: Your magical capacity is low. (-10% MP)
                  | [potion of mutation]
 66017 | Pan      | Gained mutation: You have large cloven feet. [potion of
                  | mutation]
 66017 | Pan      | Gained mutation: You are weak. (Str -2) [potion of
                  | mutation]
 66018 | Pan      | Lost mutation: You have large cloven feet. [potion of
                  | mutation]
 66018 | Pan      | Lost mutation: Your magical capacity is low. (-10% MP)
                  | [potion of mutation]
 66018 | Pan      | Lost mutation: You are weak. (Str -2) [potion of mutation]
 66018 | Pan      | Gained mutation: You have a pair of small horns on your
                  | head. [potion of mutation]
 66018 | Pan      | Gained mutation: You are weak. (Str -2) [potion of
                  | mutation]
 66019 | Pan      | Lost mutation: You have a pair of small horns on your head.
                  | [potion of mutation]
 66019 | Pan      | Lost mutation: You are weak. (Str -2) [potion of mutation]
 66019 | Pan      | Gained mutation: Your system is resistant to poisons.
                  | (rPois) [potion of mutation]
 66019 | Pan      | Gained mutation: You have a pair of small horns on your
                  | head. [potion of mutation]
 66019 | Pan      | Gained mutation: You have large cloven feet. [potion of
                  | mutation]
 66085 | Pan      | Noticed Isog the pandemonium lord
 66091 | Pan      | Killed Isog the pandemonium lord
 66107 | Pan      | Got a demonic rune of Zot
 66245 | Pan      | Noticed Cyluonnu the pandemonium lord
 66255 | Pan      | Killed Cyluonnu the pandemonium lord
 66281 | Pan      | Lost mutation: Your system is resistant to poisons. (rPois)
                  | [potion of mutation]
 66281 | Pan      | Lost mutation: You have a pair of small horns on your head.
                  | [potion of mutation]
 66281 | Pan      | Gained mutation: Your spells are a little harder to cast,
                  | but a little more powerful. [potion of mutation]
 66281 | Pan      | Gained mutation: You are covered in fur. (AC +1) [potion of
                  | mutation]
 67265 | Pan      | Noticed Qeaff the pandemonium lord
 67283 | Pan      | Killed Qeaff the pandemonium lord
 67419 | Pan      | Found a huge runed translucent gate.
 67435 | Pan      | Found a huge runed translucent gate.
 67436 | Pan      | Found a huge runed translucent gate.
 67436 | Pan      | Found a huge runed translucent gate.
 67436 | Pan      | Found a huge runed translucent gate.
 67436 | Pan      | Found a huge runed translucent gate.
 67436 | Pan      | Found a huge runed translucent gate.
 67617 | Pan      | Entered the realm of Cerebov.
 67761 | Pan      | Found an exit through the horrors of the Abyss.
 68055 | Pan      | Identified the +5 long sword of Past Mistakes {venom, rF+
                  | SInv}
 68065 | Pan      | Found the +6 sword of Cerebov {flame}
 68065 | Pan      | Noticed Cerebov
 68073 | Pan      | Identified the +6 halberd of Itwobb {pain, rPois rC+}
 68470 | Pan      | Killed Cerebov
 68470 | Pan      | Bound Cerebov
 68543 | Pan      | Identified the +9 sling "Demonslayer" {flame, rF+ rC-
                  | Str+5}
 68558 | Pan      | Got Louvesh's Almanac of Mischance
 68580 | Pan      | Identified the +7 short sword of Itroniu {venom, rElec
                  | Str-2 Dex+3}
 68599 | Pan      | Identified the +0 falchion of Logeud {vamp, ^Fragile rN+
                  | rCorr Dex+3}
 68633 | Pan      | Got a fiery rune of Zot
 68643 | Pan      | Learned a level 7 spell: Enfeeble
 68697 | Pan      | Entered the realm of Gloorx Vloq.
 69215 | Pan      | Noticed Gloorx Vloq
 69221 | Pan      | Killed Gloorx Vloq
 69304 | Pan      | Got a dark rune of Zot
 69395 | Pan      | Entered the realm of Mnoleg.
 69395 | Pan      | Noticed Mnoleg
 69410 | Pan      | Reached skill level 1 in Earth Magic
 69410 | Pan      | Killed Mnoleg
 69432 | Pan      | Got a glowing rune of Zot
 69495 | Pan      | Your ally Mnoleg died
 69572 | Pan      | Entered the realm of Lom Lobon.
 69765 | Pan      | Found an exit through the horrors of the Abyss.
 70199 | Pan      | Noticed Lom Lobon
 70205 | Pan      | Killed Lom Lobon
 70227 | Pan      | Got a magical rune of Zot
 70279 | Pan      | Found an exit through the horrors of the Abyss.
 70392 | Pan      | Noticed Maqukefo the pandemonium lord
 70399 | Pan      | Killed Maqukefo the pandemonium lord
 70791 | Pan      | Found an exit through the horrors of the Abyss.
 70800 | Pan      | Took an exit into the Abyss.
 70800 | Abyss:2  | Escaped into the Abyss
 70998 | Abyss:3  | Found a corrupted altar of Lugonu.
 71027 | Abyss:3  | Found a corrupted altar of Lugonu.
 71029 | Abyss:3  | Found a corrupted altar of Lugonu.
 71029 | Abyss:3  | Found a corrupted altar of Lugonu.
 71230 | Abyss:3  | Reached skill level 19 in Invocations
 71248 | Abyss:3  | Found a corrupted altar of Lugonu.
 71330 | Abyss:3  | Got an abyssal rune of Zot
 71529 | Abyss:3  | Noticed a dread lich
 71545 | Abyss:3  | Killed a dread lich
 71555 | Abyss:3  | Reached skill level 15 in Armour
 71577 | Abyss:4  | Found a corrupted altar of Lugonu.
 71581 | Depths:1 | Escaped the Abyss
 71592 | Depths:1 | Upgraded the game from 0.32-a0-391-gce5c0aa to
                  | 0.32-a0-411-g744942f
 71722 | Hell     | Entered the Vestibule of Hell
 71722 | Hell     | Noticed Geryon
 71738 | Hell     | Killed Geryon
 71741 | Hell     | Found a gateway to the freezing wastes of Cocytus.
 72013 | Hell     | Found a gateway to the Iron City of Dis.
 72159 | Hell     | Found a gateway to the ashen valley of Gehenna.
 72240 | Hell     | Found a gateway to the decaying netherworld of Tartarus.
 72406 | Coc:1    | Entered Level 1 of Cocytus
 72617 | Coc:2    | Paralysed by a wendigo for 1 turns
 72983 | Coc:3    | Paralysed by a wendigo for 1 turns
 73461 | Coc:5    | Reached skill level 20 in Invocations
 73985 | Coc:7    | Entered Level 7 of Cocytus
 73987 | Coc:7    | Noticed the Serpent of Hell
 74188 | Coc:7    | Paralysed by a wendigo for 1 turns
 74288 | Coc:7    | Killed the Serpent of Hell
 74451 | Coc:7    | Paralysed by a wendigo for 1 turns
 74640 | Coc:7    | Learned a level 4 spell: Passage of Golubria
 74658 | Coc:7    | Learned a level 5 spell: Borgnjor's Vile Clutch
 74714 | Coc:7    | Reached skill level 21 in Invocations
 74738 | Coc:7    | Noticed Antaeus
 74749 | Coc:7    | Killed Antaeus
 74784 | Coc:7    | Got an icy rune of Zot
 74791 | Coc:7    | Identified the ring of Ygiat {Fly rElec MP+9 Dex+6}
 74911 | Coc:7    | Paralysed by a wendigo for 1 turns
 75121 | Geh:1    | Entered Level 1 of Gehenna
 75650 | Geh:3    | Reached skill level 22 in Invocations
 75659 | Geh:3    | Killed an ancient lich
 76484 | Geh:6    | Reached skill level 23 in Invocations
 76742 | Geh:7    | Entered Level 7 of Gehenna
 77150 | Geh:7    | Noticed an ancient lich
 77152 | Geh:7    | Reached skill level 24 in Invocations
 77155 | Geh:7    | Killed an ancient lich
 77467 | Geh:7    | Found the +13 sceptre of Asmodeus
 77467 | Geh:7    | Noticed Asmodeus
 77472 | Geh:7    | Killed Asmodeus
 77487 | Geh:7    | Got an obsidian rune of Zot
 77646 | Dis:1    | Entered Level 1 of the Iron City of Dis
 77818 | Dis:1    | Reached skill level 25 in Invocations
 77819 | Dis:1    | Noticed an ancient lich
 77828 | Dis:1    | Killed an ancient lich
 78319 | Dis:3    | Reached skill level 26 in Invocations
 78591 | Dis:4    | Noticed an ancient lich
 78592 | Dis:4    | Killed an ancient lich
 78924 | Dis:7    | Entered Level 7 of the Iron City of Dis
 79386 | Dis:7    | Reached skill level 27 in Invocations
 79636 | Dis:7    | Noticed a juggernaut
 79641 | Dis:7    | Killed a juggernaut
 79696 | Dis:7    | Identified the +3 mace of Action {flame, Dex+4}
 79701 | Dis:7    | Identified the ring "Jaosubrar" {*Corrode *Slow Fly rPois
                  | Str+8}
 81300 | Dis:7    | Noticed a juggernaut
 81306 | Dis:7    | Killed a juggernaut
 81438 | Dis:7    | Noticed Dispater
 81464 | Dis:7    | Killed Dispater
 81571 | Dis:7    | Identified the staff of the Heavens {rElec rF+ Stlth+ Fire}
 81573 | Dis:7    | Got an iron rune of Zot
 81850 | Tar:1    | Entered Level 1 of Tartarus
 82584 | Tar:5    | Reached skill level 1 in Necromancy
 82587 | Tar:5    | Reached skill level 5 in Earth Magic
 82690 | Tar:5    | Noticed an ancient lich
 82690 | Tar:5    | Noticed an ancient lich
 82690 | Tar:5    | Noticed a dread lich
 82691 | Tar:5    | Noticed an ancient lich
 82691 | Tar:5    | Noticed an ancient lich
 82697 | Tar:5    | Killed a dread lich
 82699 | Tar:5    | Killed an ancient lich
 82702 | Tar:5    | Noticed an ancient lich
 82703 | Tar:5    | Killed an ancient lich
 82704 | Tar:5    | Killed an ancient lich
 82704 | Tar:5    | Killed an ancient lich
 82704 | Tar:5    | Noticed a dread lich
 82705 | Tar:5    | Reached skill level 5 in Necromancy
 82705 | Tar:5    | Killed an ancient lich
 82712 | Tar:5    | Killed a dread lich
 83057 | Tar:7    | Entered Level 7 of Tartarus
 83257 | Tar:7    | Identified the +2 robe of Watchfulness {Str-3 Dex+3
                  | Archmagi}
 83259 | Tar:7    | Identified the ring "Wisk" {Str+4 Dex+6}
 83597 | Tar:7    | Noticed a dread lich
 83597 | Tar:7    | Noticed an ancient lich
 83597 | Tar:7    | Noticed an ancient lich
 83607 | Tar:7    | Killed an ancient lich
 83607 | Tar:7    | Killed an ancient lich
 83608 | Tar:7    | Killed a dread lich
 83619 | Tar:7    | Identified the +1 cloak "Ezaata" {Harm}
 83900 | Tar:7    | Noticed Ereshkigal
 83910 | Tar:7    | Killed Ereshkigal
 83940 | Tar:7    | Got a bone rune of Zot
 84383 | Zot:5    | Noticed an ancient lich
 84391 | Zot:5    | Killed an ancient lich
 84394 | Zot:5    | Noticed an orb of fire
 84399 | Zot:5    | Killed an orb of fire
 84438 | Zot:5    | Noticed an orb of fire
 84448 | Zot:5    | Killed an orb of fire
 84451 | Zot:5    | Noticed an orb of fire
 84648 | Zot:5    | Noticed a dread lich
 84658 | Zot:5    | Killed a dread lich
 84782 | Zot:5    | Killed an orb of fire
 85122 | Zot:5    | Found an ancient bone altar of Kikubaaqudgha.
 85413 | Zot:5    | Got the Orb of Zot
 85561 | Zot:4    | Noticed Avugom the pandemonium lord
 85669 | Depths:4 | Noticed Ruphyib the pandemonium lord
 85682 | Depths:4 | Killed Ruphyib the pandemonium lord
 85761 | Depths:3 | Noticed Ocvamu the pandemonium lord
 85769 | Depths:3 | Killed Ocvamu the pandemonium lord
 86125 | D:$      | Escaped with the Orb!

Illustrated notes

Levels and vault maps discovered:
D:1:      elethiomel_arrival_maze, layout_basic
D:2:      layout_basic, uniq_sigmund, uniq_terence, uniq_crazy_yiuf_cottage
D:3:      layout_loops_ring, chequers_temple_overflow_statue_of_worship,
          serial_shops, nicolae_shop_behind_doors, uniq_ijyb
D:4:      layout_cave_pods, kennysheep_okawaru_gauntlet, lemuel_crystal_altar,
          minmay_temple_entry_wispy, st_stairs_1, kennysheep_minor_cross
D:5:      layout_loops_cross, nicolae_overflow_two_pavilions,
          minmay_door_square, uniq_blork_the_orc, uniq_menkaure
D:6:      lemuel_ratsnest, layout_loops_ring, serial_co_window_serial,
          co_window_corner_a, co_window_corner_a, co_window_corner_a,
          co_window_paths_b, co_window_corner_a, co_window_corner_b,
          co_window_corner_b, co_window_unsneaky_path_d, co_window_paths_e,
          co_window_4corner_a, glass_columns_c
D:7:      layout_loops_cross, nicolae_wu_jian_immortal_techniques, uniq_maggie
D:8:      layout_rooms, pdpol_temple_overflow_zin_treasury_gozag_greed,
          fedhas_altar_decomposition
D:9:      layout_roguey, enter_bailey_3, einodemon_armed_red_devil_minivault
D:10:     layout_loops_ring, bloody_trog, erik_orc_4, minmay_strange_pillars
D:11:     layout_gridville, dpeg_oklobed_lair, serial_rivers,
          chequers_serial_rivers_small_a, chequers_serial_rivers_micro_e,
          chequers_serial_rivers_room_a, chequers_serial_rivers_marsh,
          minmay_librarian
D:12:     layout_loops_ring, amcnicky_mini_corridor_feature, uniq_nergalle
D:13:     layout_cave_pools, david_vaults_3, serial_shops, shop,
          nicolae_shop_waterfront
D:14:     layout_cave_pools, minmay_misc_feat_diagonals,
          nicolae_guarded_unrand_storm_shield
D:15:     hangedman_depths_entry_try_elsewhere_first, layout_gridville,
          serial_shops, nicolae_lakefront_shop, ebering_ghost_funeral_grove
Temple:   jpeg_temple_clearing
Lair:1:   layout_regular_city, nicolae_volcano_entry_hallway,
          beast_lair_carwin_2
Lair:2:   gammafunk_cloud_chamber, layout_gridlike, spider_nest_entry_webs,
          grunt_megastairs_2
Lair:3:   layout_regular_city, nicolae_swamp_entry_splash_gauntlet,
          minmay_lair_oklob_bushes, grunt_forest_large_clearings
Lair:4:   layout_regular_city, nicolae_slime_entry_slimehenge,
          portal_ice_cave_entry_animals_and_master, lemuel_fruit_fields,
          uniq_sonja
Lair:5:   minmay_lair_end_enchanted_forest, layout_cave_pods,
          gauntlet_entry_generic, kilobyte_rumbling_trees
Swamp:1:  layout_basic_swamp, nicolae_swamp_little_tower
Swamp:2:  layout_basic_swamp, nicolae_swamp_oxbows, cheibrodos_swamp_minitomb,
          infiniplex_staircase_pool, nicolae_swamp_tree_isthmus, uniq_frances
Swamp:3:  layout_basic_swamp, hangedman_swamp_pad, st_swamp_ruins_1
Swamp:4:  grunt_swamp_rune_castle, layout_basic_swamp
Spider:1: layout_spider_delve, uniq_mlioglotl
Spider:2: layout_spider_delve
Spider:3: layout_spider_delve, uniq_arachne
Spider:4: hellmonk_spider_rune_bug_friends
Slime:1:  layout_caves
Slime:2:  layout_caves
Slime:3:  layout_caves
Slime:4:  layout_caves
Slime:5:  slime_pit
Orc:1:    layout_caves, uniq_jorgrun, uniq_snorg
Orc:2:    grunt_orc_gardens, layout_diamond_mine, grunt_orc_garden,
          grunt_orc_garden, grunt_orc_garden, grunt_orc_garden
Elf:1:    elf_arrival_002, layout_geoelf_diagonals, serial_shops,
          shop_fountains, minmay_elf_sorcery, grunt_megastairs_3
Elf:2:    elven_hall_of_blades_hangedman_original
          [nicolae_blade_entry_sentries_behind_glass], layout_geoelf_octagon,
          serial_shops, shop
Elf:3:    minmay_elf_hall_furrowed, layout_geoelf_castle, uniq_louise,
          uniq_zenata
Vaults:1: vaults_dpeg_diagonal, dpeg_vaults_monster_box,
          nicolae_vaults_network_periphery, nicolae_vaults_border_crossing,
          v_rooms_5, lightli_orcish_oven, vaults_room_door_hall,
          nicolae_vaults_double_plus_2, nicolae_vaults_little_squares_3,
          st_more_cells, hangedman_vaults_impose, vaults_dpeg_encased_lava,
          nicolae_vaults_prndl, nicolae_vaults_specimen_jars,
          layout_vaults_omnibox, serial_shops, nicolae_shop_gibbet_a_chance,
          shop, nicolae_shop_pleasant_corner_grove,
          nicolae_shop_tiny_statue_garden, shop
Vaults:2: v_misc_1, v_rooms_4, nicolae_vaults_heist,
          ontoclasm_vaults_ring_small, v_misc_11,
          nicolae_vaults_stairing_the_circle, hangedman_vaults_cutoff,
          layout_vaults_omnigrid, serial_shops, shop, nicolae_shop_dealshenge,
          nicolae_shop_overgrown_old_shop, nicolae_shop_trees, uniq_saint_roka
Vaults:3: hangedman_vaults_river_flow, hangedman_vaults_hard_town_square,
          minmay_crypt_entry_skeletal_spiral,
          vaults_standard_mumra_enter_the_diamond, nicolae_vaults_house_3,
          vaults_mumra_lcd, nicolae_vaults_storage_closets_1,
          nicolae_vaults_network_star, hangedman_vaults_locks,
          nicolae_vaults_sightless_eye, nicolae_vaults_little_squares_6,
          ontoclasm_vaults_gateway, layout_vaults_big_cross, uniq_jory
Vaults:4: v_alt_pattern_3, st_spiral_rooms, ontoclasm_vaults_claustrophobia,
          vaults_room_large_hall, v_misc_14, vaults_dpeg_hooks,
          hangedman_vaults_corner, nicolae_vaults_stepped_doors,
          nicolae_vaults_twisting_passages, nicolae_vaults_tetromino_T_1,
          nicolae_vaults_asterisk, vaults_room_door_ring, layout_vaults_ring,
          serial_shops, nicolae_shop_getting_attention
Vaults:5: uniq_frederick
Crypt:1:  layout_catacombs
Crypt:2:  layout_misc_corridors, palyth_stone_intersect, minivault_19,
          corexii_hall_statues_i, grunt_ministairs_15
Crypt:3:  grunt_crypt_end_deaths_head
Tomb:1
Tomb:2
Tomb:3
Depths:1: layout_roguey [special_room_morgue], enter_ziggurat_c, serial_shops,
          shop, nicolae_qazlal_general_emergency, hellmouth_1,
          rand_demon_pan_entry_5, minmay_protected_statue, serial_bayou_shore_b,
          uniq_nikola, uniq_bai_suzhen
Depths:2: nzn_winding_woodlands_medium [nzn_winding_woodlands_5x5_checkerboard,
          nzn_winding_woodlands_5x15_pockets, nzn_winding_woodlands_hourglass,
          nzn_winding_woodlands_5x5_perimeter,
          nzn_winding_woodlands_center_garden,
          nzn_winding_woodlands_5x5_open_star, nzn_winding_woodlands_5x5_three,
          nzn_winding_woodlands_5x15_sawtooth, nzn_winding_woodlands_5x5_cross],
          layout_honeycomb, nicolae_sextant, serial_shops, shop,
          rand_demon_pan_entry_4, hell_entry, minmay_staircase_windowed_small,
          uniq_josephina
Depths:3: evilmike_hourglass, layout_cave_shapes, hell_entry, abyss_entry,
          grunt_pan_entry_spiral
Depths:4: evilmike_zot_entry_round, layout_gridlike, minivault_11, hell_entry,
          grunt_megastairs_5, uniq_margery, uniq_mennas
Hell
Dis:1:    lightli_tower_of_babel
Dis:2:    layout_subdivisions, nicolae_dis_grated_feature
Dis:3:    layout_subdivisions, serial_glass, glass_columns_c, glass_columns_a,
          hangedman_dis_chains
Dis:4:    layout_gridville
Dis:5:    layout_regular_city
Dis:6:    layout_regular_city
Dis:7:    dis_st
Geh:1:    nicolae_geh_erupted_tower, layout_gehenna_lava_caves
Geh:2:    layout_gehenna_pools_basic
Geh:3:    layout_gehenna_lava_caves, special_room [special_room_morgue]
Geh:4:    layout_gehenna_pools_box, nicolae_geh_lava_rosette
Geh:5:    layout_gehenna_pools_triple
Geh:6:    layout_gehenna_pools_box
Geh:7:    geh_hangedman
Coc:1:    layout_ice_bergs
Coc:2:    layout_ice_bergs
Coc:3:    nicolae_coc_three_mouths, layout_cocytus_water_paths
Coc:4:    layout_ice_bergs
Coc:5:    layout_ice_bergs
Coc:6:    layout_cocytus_water_paths
Coc:7:    coc_old
Tar:1:    layout_grid_maze
Tar:2:    layout_cathedral_of_symmetry
Tar:3:    layout_catacombs, nicolae_tar_cuneiform_city, nicolae_tar_windowcombs
Tar:4:    layout_grid_maze, evilmike_ambush [evilmike_ambush_outer_basic,
          evilmike_ambush_inner_basic]
Tar:5:    nicolae_tar_funeral_procession, layout_cathedral_of_symmetry,
          nicolae_hells_leichenhalle
Tar:6:    nicolae_tar_entranced, layout_cathedral_of_symmetry
Tar:7:    tar_old
Zot:1:    layout_basic, hangedman_zot_decor_checkerboard,
          regret_index_zotdec_golden_two_three, grunt_ministairs_1
Zot:2:    layout_gridlike, regret_index_zotdec_bone_old, st_large_dragon_hoard_3
Zot:3:    layout_gridlike
Zot:4:    regret_index_infernal_bastille, layout_gridlike,
          hangedman_zot_decor_unnerving_road
Zot:5:    layout_basic, basic_altar, regret_index_zotdec_zees, st_stairs_2

Skill      XL: |  1  2  3  4  5  6  7  8  9 10 11 12 13 14 15 16 17 18 19 20 21 22 23 24 25 26 27 |
---------------+----------------------------------------------------------------------------------+-----
Fighting       | 2 3 5 6 8 9 10 11 12 13 14 15 16 17 18 23 | 23.3
Evocations     | 4 |  4.0
Long Blades    | 2 5 7 10 12 14 15 16 | 16.0
Dodging        | 2 5 7 9 11 12 15 16 17 18 19 20 24 | 24.0
Armour         | 3 4 6 8 9 11 12 18 | 18.0
Invocations    | 1 2 3 5 6 7 9 12 13 15 16 17 18 27 | 27.0
Spellcasting   | 6 9 10 11 12 13 14 15 17 25 | 25.4
Hexes          | 2 8 11 14 15 22 | 22.0
Translocations | 2 6 |  6.0
Shapeshifting  | 9 15 16 17 18 20 24 | 24.5
Alchemy        | 3 6 9 |  9.0
Conjurations   | 4 6 9 |  9.2
Summonings     | 6 |  6.0
Air Magic      | 6 7 24 | 24.0
Earth Magic    | 9 |  9.0
Necromancy     | 9 |  9.0
Stealth        | |  0.8

Action                     |  1- 3 |  4- 6 |  7- 9 | 10-12 | 13-15 | 16-18 | 19-21 | 22-24 | 25-27 || total
---------------------------+-------+-------+-------+-------+-------+-------+-------+-------+-------++-------
  Melee: Club              |    37 |       |       |       |       |       |       |       |       ||    37
         Short sword       |       |    14 |       |       |       |       |       |       |       ||    14
         Falchion          |       |   120 |   413 |   195 |       |       |       |       |       ||   728
         Scimitar          |       |       |       |   291 |   211 |       |       |       |       ||   502
         Dagger            |       |       |       |    42 |       |       |       |       |       ||    42
         Great sword       |       |       |       |    94 |   751 |   856 |    29 |       |       ||  1730
         Halberd           |       |       |       |       |     4 |       |       |       |       ||     4
         Double sword      |       |       |       |       |       |       |   966 |  1498 |  2582 ||  5046
         Headbutt          |       |       |       |       |       |       |       |       |     6 ||     6
   Fire: Sling             |    82 |   151 |     3 |    52 |       |       |       |       |       ||   288
         Orcbow            |       |       |       |       |    90 |       |       |       |       ||    90
  Throw: Dart              |       |       |       |     3 |     5 |       |     3 |     2 |     1 ||    14
         Throwing net      |       |       |       |       |       |       |     1 |       |     1 ||     2
   Cast: Lesser Beckoning  |       |       |       |       |       |       |     3 |     6 |     5 ||    14
         Blink             |       |       |       |       |       |       |     1 |     3 |     5 ||     9
         Passwall          |       |       |       |       |       |       |       |     2 |    13 ||    15
         Yara's Violent Un |       |       |       |       |       |       |       |     6 |    38 ||    44
         Manifold Assault  |       |       |       |       |       |       |       |     6 |     6 ||    12
         Summon Mana Viper |       |       |       |       |       |       |       |     3 |    34 ||    37
         Discord           |       |       |       |       |       |       |       |       |   189 ||   189
         Maxwell's Capacit |       |       |       |       |       |       |       |       |    83 ||    83
         Enfeeble          |       |       |       |       |       |       |       |       |    24 ||    24
         Apportation       |       |       |       |       |       |       |       |       |     4 ||     4
         Borgnjor's Vile C |       |       |       |       |       |       |       |       |     2 ||     2
         Silence           |       |       |       |       |       |       |       |       |     1 ||     1
         Passage of Golubr |       |       |       |       |       |       |       |       |     1 ||     1
         Vhi's Electric Ch |       |       |       |       |       |       |       |       |     1 ||     1
 Invoke: Light the Black T |       |     1 |     3 |     6 |     9 |    10 |     4 |     7 |    41 ||    81
         Recall Undead Har |       |       |     2 |     2 |     1 |    14 |     4 |     3 |    81 ||   107
         Hurl Torchlight   |       |       |       |     8 |     8 |     4 |     5 |     2 |     2 ||    29
         Bind Soul         |       |       |       |       |     1 |     4 |       |       |     4 ||     9
         Fathomless Shackl |       |       |       |       |       |     3 |     2 |     3 |     5 ||    13
Ability: Hop               |     2 |     2 |     5 |     6 |     6 |     7 |     8 |     9 |    36 ||    81
         Begin Untransform |       |       |       |       |       |       |       |       |     5 ||     5
         Siphon Essence    |       |       |       |       |       |       |       |       |     1 ||     1
  Evoke: Wand              |     2 |    24 |    29 |    22 |    13 |    10 |    18 |    28 |    23 ||   169
         Phial of floods   |       |       |       |       |       |       |       |       |     1 ||     1
    Use: Scroll            |       |     3 |     4 |     8 |    22 |     9 |    24 |    15 |    43 ||   128
         Potion            |       |       |     3 |     5 |     6 |     3 |     6 |     4 |    13 ||    40
   Stab: Distracted        |       |       |       |     5 |    11 |    23 |    21 |    29 |   106 ||   195
         Fleeing           |       |       |       |       |       |     2 |       |       |       ||     2
         Paralysed         |       |       |       |       |       |     2 |       |       |       ||     2
         Confused          |       |       |       |       |       |     1 |       |       |    13 ||    14
         Held in net/web   |       |       |       |       |       |       |     1 |       |       ||     1
         Sleeping          |       |       |       |       |       |       |     3 |     7 |     6 ||    16
 Armour: Leather armour    |    27 |       |       |       |       |       |       |       |       ||    27
         Ring mail         |    46 |   225 |   314 |    41 |       |       |       |       |       ||   626
         Skin              |       |       |    20 |    34 |       |       |   175 |  1189 |   695 ||  2113
         Scale mail        |       |       |       |   505 |   710 |   597 |   496 |       |    93 ||  2401
         Fire dragon scale |       |       |       |       |       |       |       |       |  1435 ||  1435
  Dodge: Dodged            |    59 |   160 |   268 |   511 |   867 |  1121 |   688 |  1547 |  2880 ||  8101
         Repelled          |       |       |       |       |       |    14 |    35 |    19 |       ||    68
  Block: Kite shield       |       |       |       |       |       |       |   541 |  1320 |   537 ||  2398
   Form: Statue            |       |       |       |       |       |       |     1 |       |     2 ||     3
         Death             |       |       |       |       |       |       |       |       |     6 ||     6

Table legend: (Time is in decaauts)
 A = Elapsed time spent in this place.
 B = Non-inter-level travel time spent in this place.
 C = Inter-level travel time spent in this place.
 D = Time resting spent in this place.
 E = Time spent auto-exploring this place.
 F = Levels seen in this place.
 G = Mean time per level.
                   A        B        C        D        E       F      G
               +--------+--------+--------+--------+--------+-----+--------+
         Total | 103128 |  91677 |  11451 |  15949 |  48158 | 109 |  946.1 |
       Dungeon |  22460 |  19048 |   3412 |   4686 |  10200 |  15 | 1497.3 |
        Temple |      1 |      1 |      0 |      0 |      0 |   1 |    1.0 |
          Lair |   6079 |   5265 |    814 |    202 |   3725 |   5 | 1215.8 |
         Swamp |   2625 |   2403 |    222 |    306 |   1413 |   4 |  656.2 |
   Spider Nest |   3227 |   3036 |    191 |    350 |   1661 |   4 |  806.8 |
    Slime Pits |   2126 |   1894 |    232 |    116 |   1352 |   5 |  425.2 |
  Orcish Mines |   1868 |   1620 |    248 |    215 |    923 |   2 |  934.0 |
   Elven Halls |   6737 |   6395 |    342 |   1296 |   3473 |   3 | 2245.7 |
        Vaults |  11028 |   9034 |   1994 |    762 |   5395 |   5 | 2205.6 |
         Crypt |   5630 |   4958 |    672 |    642 |   2806 |   3 | 1876.7 |
          Tomb |   3580 |   3363 |    217 |   1144 |   1219 |   3 | 1193.3 |
        Depths |   7411 |   6158 |   1253 |    649 |   3457 |   4 | 1852.8 |
          Hell |   1195 |   1058 |    137 |    405 |    327 |   1 | 1195.0 |
           Dis |   4152 |   3973 |    179 |   1592 |   1465 |   7 |  593.1 |
       Gehenna |   2732 |   2510 |    222 |    414 |   1143 |   7 |  390.3 |
       Cocytus |   2851 |   2532 |    319 |    598 |    988 |   7 |  407.3 |
      Tartarus |   2450 |   2275 |    175 |    219 |   1387 |   7 |  350.0 |
           Zot |   7521 |   6707 |    814 |    504 |   4614 |   5 | 1504.2 |
         Abyss |   1383 |   1383 |      0 |    244 |     33 |   4 |  345.8 |
   Pandemonium |   5354 |   5354 |      0 |    986 |   1790 |  13 |  411.8 |
        Bailey |    806 |    806 |      0 |    268 |    121 |   1 |  806.0 |
      Ice Cave |    919 |    919 |      0 |    231 |    336 |   1 |  919.0 |
       Volcano |    601 |    601 |      0 |    116 |    165 |   1 |  601.0 |
      Gauntlet |    383 |    383 |      0 |      0 |    153 |   1 |  383.0 |
               +--------+--------+--------+--------+--------+-----+--------+

Top non-repeatable levels by time:
   Elf:3: 3113 daAuts
   Dis:7: 2942 daAuts
    D:12: 2774 daAuts
Vaults:3: 2717 daAuts
 Crypt:3: 2208 daAuts
Vaults:2: 2200 daAuts
 Crypt:1: 2189 daAuts
  Tomb:1: 2176 daAuts
   Elf:2: 2157 daAuts
   Zot:4: 2111 daAuts
Vaults:1: 2110 daAuts
Vaults:4: 2096 daAuts
Depths:2: 2072 daAuts
     D:6: 2024 daAuts
Depths:1: 1997 daAuts
